Workbook

Sheet Purchase
A1: Purchase History & Expenses
A3: Purchase Date | B3: Source | C3: Qty | D3: Items | E3: Color | F3: Buying Total Price | G3: Price/Unit | H3: Price List | I3: Selling Price Target | J3: Estimated Profit | K3: % Estimated Profit | L3: Balance | M3: Balance Total | N3: Cumulative | P3: Items | Q3: Price List | S3: Colors | T3: Source | V3: Items | W3: Color | X3: Sum of Qty | Y3: Sum of Buying Total Price | Z3: Sum of Balance | AA3: Sum of Balance Total
A4: 45109 | B4: Shopee | C4: 2 | D4: Eiger Starter Daypack 16L | E4: Blue | F4: =(875596/4)*2 | G4: =IF(Purchase!$E4="-","-",F4/C4) | H4: =IFERROR(VLOOKUP(D4,$P$4:$Q$23,2,FALSE),"-") | I4: =IF(E4="-","-",(G4+50000)/0.95) | J4: =IF(E4="-","-",I4-G4-(5%*I4)) | K4: =IFERROR(J4/G4,"-") | L4: =IF(E4="-","-",IF(COUNTIFS(Sales!$D$4:$D$60,Purchase!D4,Sales!$E$4:$E$60,Purchase!E4,Sales!$F$4:$F$60,Purchase!A4,Sales!$G$4:$G$60,Purchase!B4)=C4,"sold",C4-COUNTIFS(Sales!$D$4:$D$60,Purchase!D4,Sales!$E$4:$E$60,Purchase!E4,Sales!$F$4:$F$60,Purchase!A4,Sales!$G$4:$G$60,Purchase!B4))) | M4: =IF(Purchase!$E4="-","-",IF(OR(Purchase!$L4="sold",Purchase!$L4="-"),"-",Purchase!$L4*Purchase!$G4)) | N4: =SUMIFS(C$4:C4,D$4:D4,D4,E$4:E4,E4) | P4: Eiger Starter Daypack 16L | Q4: 359000 | S4: Blue | T4: Shopee | V4: Bubble wrap [Person_1] | W4: - | X4: 1 | Y4: 59375 | Z4: 0 | AA4: 0
A5: 45109 | B5: Shopee | C5: 2 | D5: Eiger Starter Daypack 16L | E5: Olive | F5: =F4 | G5: =IF(Purchase!$E5="-","-",F5/C5) | H5: =IFERROR(VLOOKUP(D5,$P$4:$Q$23,2,FALSE),"-") | I5: =IF(E5="-","-",(G5+50000)/0.95) | J5: =IF(E5="-","-",I5-G5-(5%*I5)) | K5: =IFERROR(J5/G5,"-") | L5: =IF(E5="-","-",IF(COUNTIFS(Sales!$D$4:$D$60,Purchase!D5,Sales!$E$4:$E$60,Purchase!E5,Sales!$F$4:$F$60,Purchase!A5,Sales!$G$4:$G$60,Purchase!B5)=C5,"sold",C5-COUNTIFS(Sales!$D$4:$D$60,Purchase!D5,Sales!$E$4:$E$60,Purchase!E5,Sales!$F$4:$F$60,Purchase!A5,Sales!$G$4:$G$60,Purchase!B5))) | M5: =IF(Purchase!$E5="-","-",IF(OR(Purchase!$L5="sold",Purchase!$L5="-"),"-",Purchase!$L5*Purchase!$G5)) | N5: =SUMIFS(C$4:C5,D$4:D5,D5,E$4:E5,E5) | P5: Eiger Meridian 30L Laptop Backpack | Q5: 689000 | S5: Black | T5: Tokopedia | V5: Bubble wrap dan lakban Total | X5: 1 | Y5: 59375 | Z5: 0 | AA5: 0
A6: 45110 | B6: Shopee | C6: 1 | D6: [Person_2] Backpack 20L | E6: Black | F6: 297100 | G6: =IF(Purchase!$E6="-","-",F6/C6) | H6: =IFERROR(VLOOKUP(D6,$P$4:$Q$23,2,FALSE),"-") | I6: =IF(E6="-","-",(G6+50000)/0.95) | J6: =IF(E6="-","-",I6-G6-(5%*I6)) | K6: =IFERROR(J6/G6,"-") | L6: =IF(E6="-","-",IF(COUNTIFS(Sales!$D$4:$D$60,Purchase!D6,Sales!$E$4:$E$60,Purchase!E6,Sales!$F$4:$F$60,Purchase!A6,Sales!$G$4:$G$60,Purchase!B6)=C6,"sold",C6-COUNTIFS(Sales!$D$4:$D$60,Purchase!D6,Sales!$E$4:$E$60,Purchase!E6,Sales!$F$4:$F$60,Purchase!A6,Sales!$G$4:$G$60,Purchase!B6))) | M6: =IF(Purchase!$E6="-","-",IF(OR(Purchase!$L6="sold",Purchase!$L6="-"),"-",Purchase!$L6*Purchase!$G6)) | N6: =SUMIFS(C$4:C6,D$4:D6,D6,E$4:E6,E6) | P6: [Person_3] [Person_4] | Q6: 319000 | S6: Burgundy | T6: Lazada | V6: [Person_5] Pack 20L Backpack | W6: Black | X6: 1 | Y6: 291816.67 | Z6: 1 | AA6: 291816.67
A7: 45111 | B7: Tokopedia | C7: 1 | D7: [Person_2] Backpack 20L | E7: Black | F7: 291850 | G7: =IF(Purchase!$E7="-","-",F7/C7) | H7: =IFERROR(VLOOKUP(D7,$P$4:$Q$23,2,FALSE),"-") | I7: =IF(E7="-","-",(G7+50000)/0.95) | J7: =IF(E7="-","-",I7-G7-(5%*I7)) | K7: =IFERROR(J7/G7,"-") | L7: =IF(E7="-","-",IF(COUNTIFS(Sales!$D$4:$D$60,Purchase!D7,Sales!$E$4:$E$60,Purchase!E7,Sales!$F$4:$F$60,Purchase!A7,Sales!$G$4:$G$60,Purchase!B7)=C7,"sold",C7-COUNTIFS(Sales!$D$4:$D$60,Purchase!D7,Sales!$E$4:$E$60,Purchase!E7,Sales!$F$4:$F$60,Purchase!A7,Sales!$G$4:$G$60,Purchase!B7))) | M7: =IF(Purchase!$E7="-","-",IF(OR(Purchase!$L7="sold",Purchase!$L7="-"),"-",Purchase!$L7*Purchase!$G7)) | N7: =SUMIFS(C$4:C7,D$4:D7,D7,E$4:E7,E7) | P7: [Person_6] 15 Laptop Backpack | Q7: 369000 | S7: Olive | W7: Green | X7: 2 | Y7: 577793 | Z7: 0 | AA7: 0
A8: 45114 | B8: Lazada | C8: 8 | D8: Eiger Meridian 30L Laptop Backpack | E8: Black | F8: 3469382 | G8: =IF(Purchase!$E8="-","-",F8/C8) | H8: =IFERROR(VLOOKUP(D8,$P$4:$Q$23,2,FALSE),"-") | I8: =IF(E8="-","-",(G8+50000)/0.95) | J8: =IF(E8="-","-",I8-G8-(5%*I8)) | K8: =IFERROR(J8/G8,"-") | L8: =IF(E8="-","-",IF(COUNTIFS(Sales!$D$4:$D$60,Purchase!D8,Sales!$E$4:$E$60,Purchase!E8,Sales!$F$4:$F$60,Purchase!A8,Sales!$G$4:$G$60,Purchase!B8)=C8,"sold",C8-COUNTIFS(Sales!$D$4:$D$60,Purchase!D8,Sales!$E$4:$E$60,Purchase!E8,Sales!$F$4:$F$60,Purchase!A8,Sales!$G$4:$G$60,Purchase!B8))) | M8: =IF(Purchase!$E8="-","-",IF(OR(Purchase!$L8="sold",Purchase!$L8="-"),"-",Purchase!$L8*Purchase!$G8)) | N8: =SUMIFS(C$4:C8,D$4:D8,D8,E$4:E8,E8) | P8: [Person_7] 10 1.0 Backpack | Q8: 129000 | S8: Navy | W8: Navy | X8: 2 | Y8: 542372 | Z8: 1 | AA8: 271186
A9: 45114 | B9: Lazada | C9: 1 | D9: Eiger Starter Daypack 16L | E9: Olive | F9: 227439.57 | G9: =IF(Purchase!$E9="-","-",F9/C9) | H9: =IFERROR(VLOOKUP(D9,$P$4:$Q$23,2,FALSE),"-") | I9: =IF(E9="-","-",(G9+50000)/0.95) | J9: =IF(E9="-","-",I9-G9-(5%*I9)) | K9: =IFERROR(J9/G9,"-") | L9: =IF(E9="-","-",IF(COUNTIFS(Sales!$D$4:$D$60,Purchase!D9,Sales!$E$4:$E$60,Purchase!E9,Sales!$F$4:$F$60,Purchase!A9,Sales!$G$4:$G$60,Purchase!B9)=C9,"sold",C9-COUNTIFS(Sales!$D$4:$D$60,Purchase!D9,Sales!$E$4:$E$60,Purchase!E9,Sales!$F$4:$F$60,Purchase!A9,Sales!$G$4:$G$60,Purchase!B9))) | M9: =IF(Purchase!$E9="-","-",IF(OR(Purchase!$L9="sold",Purchase!$L9="-"),"-",Purchase!$L9*Purchase!$G9)) | N9: =SUMIFS(C$4:C9,D$4:D9,D9,E$4:E9,E9) | P9: Eiger Versapack Waist Pack | Q9: 279000 | S9: [Person_8] | V9: [Person_5] Pack 20L Backpack Total | X9: 5 | Y9: 1411981.7 | Z9: 2 | AA9: 563002.67
A10: 45114 | B10: Lazada | C10: 2 | D10: [Person_6] 15 Laptop Backpack | E10: Navy | F10: 467378.12 | G10: =IF(Purchase!$E10="-","-",F10/C10) | H10: =IFERROR(VLOOKUP(D10,$P$4:$Q$23,2,FALSE),"-") | I10: =IF(E10="-","-",(G10+50000)/0.95) | J10: =IF(E10="-","-",I10-G10-(5%*I10)) | K10: =IFERROR(J10/G10,"-") | L10: =IF(E10="-","-",IF(COUNTIFS(Sales!$D$4:$D$60,Purchase!D10,Sales!$E$4:$E$60,Purchase!E10,Sales!$F$4:$F$60,Purchase!A10,Sales!$G$4:$G$60,Purchase!B10)=C10,"sold",C10-COUNTIFS(Sales!$D$4:$D$60,Purchase!D10,Sales!$E$4:$E$60,Purchase!E10,Sales!$F$4:$F$60,Purchase!A10,Sales!$G$4:$G$60,Purchase!B10))) | M10: =IF(Purchase!$E10="-","-",IF(OR(Purchase!$L10="sold",Purchase!$L10="-"),"-",Purchase!$L10*Purchase!$G10)) | N10: =SUMIFS(C$4:C10,D$4:D10,D10,E$4:E10,E10) | P10: [Person_9] 20L Woman Backpack | Q10: 529000 | S10: Khaki | V10: [Person_6] 15 Laptop Backpack | W10: Navy | X10: 2 | Y10: 467378.12 | Z10: 0 | AA10: 0
A11: 45114 | B11: Lazada | C11: 2 | D11: [Person_2] Backpack 20L | E11: Navy | F11: 567369.97 | G11: =IF(Purchase!$E11="-","-",F11/C11) | H11: =IFERROR(VLOOKUP(D11,$P$4:$Q$23,2,FALSE),"-") | I11: =IF(E11="-","-",(G11+50000)/0.95) | J11: =IF(E11="-","-",I11-G11-(5%*I11)) | K11: =IFERROR(J11/G11,"-") | L11: =IF(E11="-","-",IF(COUNTIFS(Sales!$D$4:$D$60,Purchase!D11,Sales!$E$4:$E$60,Purchase!E11,Sales!$F$4:$F$60,Purchase!A11,Sales!$G$4:$G$60,Purchase!B11)=C11,"sold",C11-COUNTIFS(Sales!$D$4:$D$60,Purchase!D11,Sales!$E$4:$E$60,Purchase!E11,Sales!$F$4:$F$60,Purchase!A11,Sales!$G$4:$G$60,Purchase!B11))) | M11: =IF(Purchase!$E11="-","-",IF(OR(Purchase!$L11="sold",Purchase!$L11="-"),"-",Purchase!$L11*Purchase!$G11)) | N11: =SUMIFS(C$4:C11,D$4:D11,D11,E$4:E11,E11) | P11: [Person_10] 20L Laptop Backpack | Q11: 629000 | V11: [Person_6] 15 Laptop Backpack Total | X11: 2 | Y11: 467378.12 | Z11: 0 | AA11: 0
A12: 45114 | B12: Lazada | C12: 6 | D12: [Person_2] Backpack 20L | E12: Black | F12: 1702109.9 | G12: =IF(Purchase!$E12="-","-",F12/C12) | H12: =IFERROR(VLOOKUP(D12,$P$4:$Q$23,2,FALSE),"-") | I12: =IF(E12="-","-",(G12+50000)/0.95) | J12: =IF(E12="-","-",I12-G12-(5%*I12)) | K12: =IFERROR(J12/G12,"-") | L12: =IF(E12="-","-",IF(COUNTIFS(Sales!$D$4:$D$60,Purchase!D12,Sales!$E$4:$E$60,Purchase!E12,Sales!$F$4:$F$60,Purchase!A12,Sales!$G$4:$G$60,Purchase!B12)=C12,"sold",C12-COUNTIFS(Sales!$D$4:$D$60,Purchase!D12,Sales!$E$4:$E$60,Purchase!E12,Sales!$F$4:$F$60,Purchase!A12,Sales!$G$4:$G$60,Purchase!B12))) | M12: =IF(Purchase!$E12="-","-",IF(OR(Purchase!$L12="sold",Purchase!$L12="-"),"-",Purchase!$L12*Purchase!$G12)) | N12: =SUMIFS(C$4:C12,D$4:D12,D12,E$4:E12,E12) | P12: Eiger Passage 2.0 15L Laptop Daypack | Q12: 449000 | V12: [Person_11] 25L | W12: Black | X12: 13 | Y12: 5104371 | Z12: 12 | AA12: 4703563.9
A13: 45114 | B13: Lazada | C13: 2 | D13: [Person_2] Backpack 20L | E13: Khaki | F13: 596907.03 | G13: =IF(Purchase!$E13="-","-",F13/C13) | H13: =IFERROR(VLOOKUP(D13,$P$4:$Q$23,2,FALSE),"-") | I13: =IF(E13="-","-",(G13+50000)/0.95) | J13: =IF(E13="-","-",I13-G13-(5%*I13)) | K13: =IFERROR(J13/G13,"-") | L13: =IF(E13="-","-",IF(COUNTIFS(Sales!$D$4:$D$60,Purchase!D13,Sales!$E$4:$E$60,Purchase!E13,Sales!$F$4:$F$60,Purchase!A13,Sales!$G$4:$G$60,Purchase!B13)=C13,"sold",C13-COUNTIFS(Sales!$D$4:$D$60,Purchase!D13,Sales!$E$4:$E$60,Purchase!E13,Sales!$F$4:$F$60,Purchase!A13,Sales!$G$4:$G$60,Purchase!B13))) | M13: =IF(Purchase!$E13="-","-",IF(OR(Purchase!$L13="sold",Purchase!$L13="-"),"-",Purchase!$L13*Purchase!$G13)) | N13: =SUMIFS(C$4:C13,D$4:D13,D13,E$4:E13,E13) | P13: Eiger Forlough 20 Laptop Backpack | Q13: 519000 | W13: Khaki | X13: 6 | Y13: 2435680 | Z13: 5 | AA13: 2005387.5
A14: 45114 | B14: Lazada | C14: 2 | D14: [Person_5] Pack 20L Backpack | E14: Navy | F14: 542372 | G14: =IF(Purchase!$E14="-","-",F14/C14) | H14: =IFERROR(VLOOKUP(D14,$P$4:$Q$23,2,FALSE),"-") | I14: =IF(E14="-","-",(G14+50000)/0.95) | J14: =IF(E14="-","-",I14-G14-(5%*I14)) | K14: =IFERROR(J14/G14,"-") | L14: =IF(E14="-","-",IF(COUNTIFS(Sales!$D$4:$D$60,Purchase!D14,Sales!$E$4:$E$60,Purchase!E14,Sales!$F$4:$F$60,Purchase!A14,Sales!$G$4:$G$60,Purchase!B14)=C14,"sold",C14-COUNTIFS(Sales!$D$4:$D$60,Purchase!D14,Sales!$E$4:$E$60,Purchase!E14,Sales!$F$4:$F$60,Purchase!A14,Sales!$G$4:$G$60,Purchase!B14))) | M14: =IF(Purchase!$E14="-","-",IF(OR(Purchase!$L14="sold",Purchase!$L14="-"),"-",Purchase!$L14*Purchase!$G14)) | N14: =SUMIFS(C$4:C14,D$4:D14,D14,E$4:E14,E14) | P14: Eiger Reveal 18 Laptop Backpack | Q14: 439000 | W14: Navy | X14: 3 | Y14: 1058720 | Z14: 3 | AA14: 1058720
A15: 45114 | B15: Lazada | C15: 2 | D15: [Person_12] | E15: Navy | F15: 492376.08 | G15: =IF(Purchase!$E15="-","-",F15/C15) | H15: =IFERROR(VLOOKUP(D15,$P$4:$Q$23,2,FALSE),"-") | I15: =IF(E15="-","-",(G15+50000)/0.95) | J15: =IF(E15="-","-",I15-G15-(5%*I15)) | K15: =IFERROR(J15/G15,"-") | L15: =IF(E15="-","-",IF(COUNTIFS(Sales!$D$4:$D$60,Purchase!D15,Sales!$E$4:$E$60,Purchase!E15,Sales!$F$4:$F$60,Purchase!A15,Sales!$G$4:$G$60,Purchase!B15)=C15,"sold",C15-COUNTIFS(Sales!$D$4:$D$60,Purchase!D15,Sales!$E$4:$E$60,Purchase!E15,Sales!$F$4:$F$60,Purchase!A15,Sales!$G$4:$G$60,Purchase!B15))) | M15: =IF(Purchase!$E15="-","-",IF(OR(Purchase!$L15="sold",Purchase!$L15="-"),"-",Purchase!$L15*Purchase!$G15)) | N15: =SUMIFS(C$4:C15,D$4:D15,D15,E$4:E15,E15) | P15: [Person_11] 25L | Q15: 579000 | V15: [Person_11] 25L Total | X15: 22 | Y15: 8598771 | Z15: 20 | AA15: 7767671.4
A16: 45114 | B16: Lazada | C16: 6 | D16: [Person_13] 3.0 Laptop 18L Backpack | E16: Black | F16: 1927091.6 | G16: =IF(Purchase!$E16="-","-",F16/C16) | H16: =IFERROR(VLOOKUP(D16,$P$4:$Q$23,2,FALSE),"-") | I16: =IF(E16="-","-",(G16+50000)/0.95) | J16: =IF(E16="-","-",I16-G16-(5%*I16)) | K16: =IFERROR(J16/G16,"-") | L16: =IF(E16="-","-",IF(COUNTIFS(Sales!$D$4:$D$60,Purchase!D16,Sales!$E$4:$E$60,Purchase!E16,Sales!$F$4:$F$60,Purchase!A16,Sales!$G$4:$G$60,Purchase!B16)=C16,"sold",C16-COUNTIFS(Sales!$D$4:$D$60,Purchase!D16,Sales!$E$4:$E$60,Purchase!E16,Sales!$F$4:$F$60,Purchase!A16,Sales!$G$4:$G$60,Purchase!B16))) | M16: =IF(Purchase!$E16="-","-",IF(OR(Purchase!$L16="sold",Purchase!$L16="-"),"-",Purchase!$L16*Purchase!$G16)) | N16: =SUMIFS(C$4:C16,D$4:D16,D16,E$4:E16,E16) | P16: [Person_14] | Q16: 239000 | V16: [Person_13] 3.0 Laptop 18L Backpack | W16: Black | X16: 6 | Y16: 1927091.6 | Z16: 5 | AA16: 1605909.6
A17: 45114 | B17: Lazada | C17: 4 | D17: [Person_15] 2.0 Laptop Backpack 20L | E17: Black | F17: 1259729.7 | G17: =IF(Purchase!$E17="-","-",F17/C17) | H17: =IFERROR(VLOOKUP(D17,$P$4:$Q$23,2,FALSE),"-") | I17: =IF(E17="-","-",(G17+50000)/0.95) | J17: =IF(E17="-","-",I17-G17-(5%*I17)) | K17: =IFERROR(J17/G17,"-") | L17: =IF(E17="-","-",IF(COUNTIFS(Sales!$D$4:$D$60,Purchase!D17,Sales!$E$4:$E$60,Purchase!E17,Sales!$F$4:$F$60,Purchase!A17,Sales!$G$4:$G$60,Purchase!B17)=C17,"sold",C17-COUNTIFS(Sales!$D$4:$D$60,Purchase!D17,Sales!$E$4:$E$60,Purchase!E17,Sales!$F$4:$F$60,Purchase!A17,Sales!$G$4:$G$60,Purchase!B17))) | M17: =IF(Purchase!$E17="-","-",IF(OR(Purchase!$L17="sold",Purchase!$L17="-"),"-",Purchase!$L17*Purchase!$G17)) | N17: =SUMIFS(C$4:C17,D$4:D17,D17,E$4:E17,E17) | P17: [Person_2] Backpack 20L | Q17: 449000 | W17: Olive | X17: 3 | Y17: 1077000 | Z17: 3 | AA17: 1077000
A18: 45114 | B18: Shopee | C18: 2 | D18: [Person_5] Pack 20L Backpack | E18: Green | F18: =(364650-(39014/2)-(98000/3)-(100000/3))+298650 | G18: =IF(Purchase!$E18="-","-",F18/C18) | H18: =IFERROR(VLOOKUP(D18,$P$4:$Q$23,2,FALSE),"-") | I18: =IF(E18="-","-",(G18+50000)/0.95) | J18: =IF(E18="-","-",I18-G18-(5%*I18)) | K18: =IFERROR(J18/G18,"-") | L18: =IF(E18="-","-",IF(COUNTIFS(Sales!$D$4:$D$60,Purchase!D18,Sales!$E$4:$E$60,Purchase!E18,Sales!$F$4:$F$60,Purchase!A18,Sales!$G$4:$G$60,Purchase!B18)=C18,"sold",C18-COUNTIFS(Sales!$D$4:$D$60,Purchase!D18,Sales!$E$4:$E$60,Purchase!E18,Sales!$F$4:$F$60,Purchase!A18,Sales!$G$4:$G$60,Purchase!B18))) | M18: =IF(Purchase!$E18="-","-",IF(OR(Purchase!$L18="sold",Purchase!$L18="-"),"-",Purchase!$L18*Purchase!$G18)) | N18: =SUMIFS(C$4:C18,D$4:D18,D18,E$4:E18,E18) | P18: [Person_15] 2.0 Laptop Backpack 20L | Q18: 499000 | V18: [Person_13] 3.0 Laptop 18L Backpack Total | X18: 9 | Y18: 3004091.6 | Z18: 8 | AA18: 2682909.6
A19: 45114 | B19: Shopee | C19: 1 | D19: [Person_16] Termina 2.0 Backpack | E19: Navy | F19: =415650-(39014/2)-(98000/3)-(100000/3) | G19: =IF(Purchase!$E19="-","-",F19/C19) | H19: =IFERROR(VLOOKUP(D19,$P$4:$Q$23,2,FALSE),"-") | I19: =IF(E19="-","-",(G19+50000)/0.95) | J19: =IF(E19="-","-",I19-G19-(5%*I19)) | K19: =IFERROR(J19/G19,"-") | L19: =IF(E19="-","-",IF(COUNTIFS(Sales!$D$4:$D$60,Purchase!D19,Sales!$E$4:$E$60,Purchase!E19,Sales!$F$4:$F$60,Purchase!A19,Sales!$G$4:$G$60,Purchase!B19)=C19,"sold",C19-COUNTIFS(Sales!$D$4:$D$60,Purchase!D19,Sales!$E$4:$E$60,Purchase!E19,Sales!$F$4:$F$60,Purchase!A19,Sales!$G$4:$G$60,Purchase!B19))) | M19: =IF(Purchase!$E19="-","-",IF(OR(Purchase!$L19="sold",Purchase!$L19="-"),"-",Purchase!$L19*Purchase!$G19)) | N19: =SUMIFS(C$4:C19,D$4:D19,D19,E$4:E19,E19) | P19: [Person_12] | Q19: 389000 | V19: [Person_16] Termina 2.0 Backpack | W19: Black | X19: 4 | Y19: 1224650 | Z19: 2 | AA19: 623550
A20: 45115 | B20: Shopee | C20: 1 | D20: [Person_12] | E20: Olive | F20: 276550 | G20: =IF(Purchase!$E20="-","-",F20/C20) | H20: =IFERROR(VLOOKUP(D20,$P$4:$Q$23,2,FALSE),"-") | I20: =IF(E20="-","-",(G20+50000)/0.95) | J20: =IF(E20="-","-",I20-G20-(5%*I20)) | K20: =IFERROR(J20/G20,"-") | L20: =IF(E20="-","-",IF(COUNTIFS(Sales!$D$4:$D$60,Purchase!D20,Sales!$E$4:$E$60,Purchase!E20,Sales!$F$4:$F$60,Purchase!A20,Sales!$G$4:$G$60,Purchase!B20)=C20,"sold",C20-COUNTIFS(Sales!$D$4:$D$60,Purchase!D20,Sales!$E$4:$E$60,Purchase!E20,Sales!$F$4:$F$60,Purchase!A20,Sales!$G$4:$G$60,Purchase!B20))) | M20: =IF(Purchase!$E20="-","-",IF(OR(Purchase!$L20="sold",Purchase!$L20="-"),"-",Purchase!$L20*Purchase!$G20)) | N20: =SUMIFS(C$4:C20,D$4:D20,D20,E$4:E20,E20) | P20: [Person_13] 3.0 Laptop 18L Backpack | Q20: 509000 | W20: Navy | X20: 1 | Y20: 330143 | Z20: 1 | AA20: 330143
A21: 45119 | B21: Lazada | C21: 3 | D21: [Person_13] 3.0 Laptop 18L Backpack | E21: Olive | F21: 1077000 | G21: =IF(Purchase!$E21="-","-",F21/C21) | H21: =IFERROR(VLOOKUP(D21,$P$4:$Q$23,2,FALSE),"-") | I21: =IF(E21="-","-",(G21+50000)/0.95) | J21: =IF(E21="-","-",I21-G21-(5%*I21)) | K21: =IFERROR(J21/G21,"-") | L21: =IF(E21="-","-",IF(COUNTIFS(Sales!$D$4:$D$60,Purchase!D21,Sales!$E$4:$E$60,Purchase!E21,Sales!$F$4:$F$60,Purchase!A21,Sales!$G$4:$G$60,Purchase!B21)=C21,"sold",C21-COUNTIFS(Sales!$D$4:$D$60,Purchase!D21,Sales!$E$4:$E$60,Purchase!E21,Sales!$F$4:$F$60,Purchase!A21,Sales!$G$4:$G$60,Purchase!B21))) | M21: =IF(Purchase!$E21="-","-",IF(OR(Purchase!$L21="sold",Purchase!$L21="-"),"-",Purchase!$L21*Purchase!$G21)) | N21: =SUMIFS(C$4:C21,D$4:D21,D21,E$4:E21,E21) | P21: [Person_5] Pack 20L Backpack | Q21: 429000 | V21: [Person_16] Termina 2.0 Backpack Total | X21: 5 | Y21: 1554793 | Z21: 3 | AA21: 953693
A22: 45126 | B22: Shopee | C22: 1 | D22: Bubble wrap [Person_1] | E22: - | F22: 59375 | G22: =IF(Purchase!$E22="-","-",F22/C22) | H22: =IFERROR(VLOOKUP(D22,$P$4:$Q$23,2,FALSE),"-") | I22: =IF(E22="-","-",(G22+50000)/0.95) | J22: =IF(E22="-","-",I22-G22-(5%*I22)) | K22: =IFERROR(J22/G22,"-") | L22: =IF(E22="-","-",IF(COUNTIFS(Sales!$D$4:$D$60,Purchase!D22,Sales!$E$4:$E$60,Purchase!E22,Sales!$F$4:$F$60,Purchase!A22,Sales!$G$4:$G$60,Purchase!B22)=C22,"sold",C22-COUNTIFS(Sales!$D$4:$D$60,Purchase!D22,Sales!$E$4:$E$60,Purchase!E22,Sales!$F$4:$F$60,Purchase!A22,Sales!$G$4:$G$60,Purchase!B22))) | M22: =IF(Purchase!$E22="-","-",IF(OR(Purchase!$L22="sold",Purchase!$L22="-"),"-",Purchase!$L22*Purchase!$G22)) | N22: =SUMIFS(C$4:C22,D$4:D22,D22,E$4:E22,E22) | P22: [Person_16] Termina 2.0 Backpack | Q22: 489000 | V22: Eiger Forlough 20 Laptop Backpack | W22: Black | X22: 9 | Y22: 3120330.3 | Z22: 8 | AA22: 2774156.8
A23: 45136 | B23: Shopee | C23: 3 | D23: [Person_16] Termina 2.0 Backpack | E23: Black | F23: =889742+11908 | G23: =IF(Purchase!$E23="-","-",F23/C23) | H23: =IFERROR(VLOOKUP(D23,$P$4:$Q$23,2,FALSE),"-") | I23: =IF(E23="-","-",(G23+50000)/0.95) | J23: =IF(E23="-","-",I23-G23-(5%*I23)) | K23: =IFERROR(J23/G23,"-") | L23: =IF(E23="-","-",IF(COUNTIFS(Sales!$D$4:$D$60,Purchase!D23,Sales!$E$4:$E$60,Purchase!E23,Sales!$F$4:$F$60,Purchase!A23,Sales!$G$4:$G$60,Purchase!B23)=C23,"sold",C23-COUNTIFS(Sales!$D$4:$D$60,Purchase!D23,Sales!$E$4:$E$60,Purchase!E23,Sales!$F$4:$F$60,Purchase!A23,Sales!$G$4:$G$60,Purchase!B23))) | M23: =IF(Purchase!$E23="-","-",IF(OR(Purchase!$L23="sold",Purchase!$L23="-"),"-",Purchase!$L23*Purchase!$G23)) | N23: =SUMIFS(C$4:C23,D$4:D23,D23,E$4:E23,E23) | P23: Eiger Starter Daypack 21L | Q23: 439000 | W23: Maroon | X23: 1 | Y23: 348557.67 | Z23: 1 | AA23: 348557.67
A24: 45136 | B24: Shopee | C24: 1 | D24: Plastik packing | E24: - | F24: =38220+500 | G24: =IF(Purchase!$E24="-","-",F24/C24) | H24: =IFERROR(VLOOKUP(D24,$P$4:$Q$23,2,FALSE),"-") | I24: =IF(E24="-","-",(G24+50000)/0.95) | J24: =IF(E24="-","-",I24-G24-(5%*I24)) | K24: =IFERROR(J24/G24,"-") | L24: =IF(E24="-","-",IF(COUNTIFS(Sales!$D$4:$D$60,Purchase!D24,Sales!$E$4:$E$60,Purchase!E24,Sales!$F$4:$F$60,Purchase!A24,Sales!$G$4:$G$60,Purchase!B24)=C24,"sold",C24-COUNTIFS(Sales!$D$4:$D$60,Purchase!D24,Sales!$E$4:$E$60,Purchase!E24,Sales!$F$4:$F$60,Purchase!A24,Sales!$G$4:$G$60,Purchase!B24))) | M24: =IF(Purchase!$E24="-","-",IF(OR(Purchase!$L24="sold",Purchase!$L24="-"),"-",Purchase!$L24*Purchase!$G24)) | N24: =SUMIFS(C$4:C24,D$4:D24,D24,E$4:E24,E24) | V24: Eiger Forlough 20 Laptop Backpack Total | X24: 10 | Y24: 3468888 | Z24: 9 | AA24: 3122714.4
A25: 45139 | B25: Lazada | C25: 3 | D25: [Person_2] Backpack 20L | E25: Black | F25: 933584 | G25: =IF(Purchase!$E25="-","-",F25/C25) | H25: =IFERROR(VLOOKUP(D25,$P$4:$Q$23,2,FALSE),"-") | I25: =IF(E25="-","-",(G25+50000)/0.95) | J25: =IF(E25="-","-",I25-G25-(5%*I25)) | K25: =IFERROR(J25/G25,"-") | L25: =IF(E25="-","-",IF(COUNTIFS(Sales!$D$4:$D$60,Purchase!D25,Sales!$E$4:$E$60,Purchase!E25,Sales!$F$4:$F$60,Purchase!A25,Sales!$G$4:$G$60,Purchase!B25)=C25,"sold",C25-COUNTIFS(Sales!$D$4:$D$60,Purchase!D25,Sales!$E$4:$E$60,Purchase!E25,Sales!$F$4:$F$60,Purchase!A25,Sales!$G$4:$G$60,Purchase!B25))) | M25: =IF(Purchase!$E25="-","-",IF(OR(Purchase!$L25="sold",Purchase!$L25="-"),"-",Purchase!$L25*Purchase!$G25)) | N25: =SUMIFS(C$4:C25,D$4:D25,D25,E$4:E25,E25) | V25: Eiger Meridian 30L Laptop Backpack | W25: Black | X25: 8 | Y25: 3469382 | Z25: 0 | AA25: 0
A26: 45146 | B26: Lazada | C26: 2 | D26: [Person_9] 20L Woman Backpack | E26: Burgundy | F26: =2*(1099885/3) | G26: =IF(Purchase!$E26="-","-",F26/C26) | H26: =IFERROR(VLOOKUP(D26,$P$4:$Q$23,2,FALSE),"-") | I26: =IF(E26="-","-",(G26+50000)/0.95) | J26: =IF(E26="-","-",I26-G26-(5%*I26)) | K26: =IFERROR(J26/G26,"-") | L26: =IF(E26="-","-",IF(COUNTIFS(Sales!$D$4:$D$60,Purchase!D26,Sales!$E$4:$E$60,Purchase!E26,Sales!$F$4:$F$60,Purchase!A26,Sales!$G$4:$G$60,Purchase!B26)=C26,"sold",C26-COUNTIFS(Sales!$D$4:$D$60,Purchase!D26,Sales!$E$4:$E$60,Purchase!E26,Sales!$F$4:$F$60,Purchase!A26,Sales!$G$4:$G$60,Purchase!B26))) | M26: =IF(Purchase!$E26="-","-",IF(OR(Purchase!$L26="sold",Purchase!$L26="-"),"-",Purchase!$L26*Purchase!$G26)) | N26: =SUMIFS(C$4:C26,D$4:D26,D26,E$4:E26,E26) | W26: [Person_17] | X26: 3 | Y26: 1370298.1 | Z26: 0 | AA26: 0
A27: 45146 | B27: Lazada | C27: 1 | D27: [Person_9] 20L Woman Backpack | E27: [Person_8] | F27: =1099885/3 | G27: =IF(Purchase!$E27="-","-",F27/C27) | H27: =IFERROR(VLOOKUP(D27,$P$4:$Q$23,2,FALSE),"-") | I27: =IF(E27="-","-",(G27+50000)/0.95) | J27: =IF(E27="-","-",I27-G27-(5%*I27)) | K27: =IFERROR(J27/G27,"-") | L27: =IF(E27="-","-",IF(COUNTIFS(Sales!$D$4:$D$60,Purchase!D27,Sales!$E$4:$E$60,Purchase!E27,Sales!$F$4:$F$60,Purchase!A27,Sales!$G$4:$G$60,Purchase!B27)=C27,"sold",C27-COUNTIFS(Sales!$D$4:$D$60,Purchase!D27,Sales!$E$4:$E$60,Purchase!E27,Sales!$F$4:$F$60,Purchase!A27,Sales!$G$4:$G$60,Purchase!B27))) | M27: =IF(Purchase!$E27="-","-",IF(OR(Purchase!$L27="sold",Purchase!$L27="-"),"-",Purchase!$L27*Purchase!$G27)) | N27: =SUMIFS(C$4:C27,D$4:D27,D27,E$4:E27,E27) | V27: Eiger Meridian 30L Laptop Backpack Total | X27: 11 | Y27: 4839680.1 | Z27: 0 | AA27: 0
A28: 45146 | B28: Shopee | C28: 2 | D28: Eiger Meridian 30L Laptop Backpack | E28: [Person_17] | F28: =919000 | G28: =IF(Purchase!$E28="-","-",F28/C28) | H28: =IFERROR(VLOOKUP(D28,$P$4:$Q$23,2,FALSE),"-") | I28: =IF(E28="-","-",(G28+50000)/0.95) | J28: =IF(E28="-","-",I28-G28-(5%*I28)) | K28: =IFERROR(J28/G28,"-") | L28: =IF(E28="-","-",IF(COUNTIFS(Sales!$D$4:$D$60,Purchase!D28,Sales!$E$4:$E$60,Purchase!E28,Sales!$F$4:$F$60,Purchase!A28,Sales!$G$4:$G$60,Purchase!B28)=C28,"sold",C28-COUNTIFS(Sales!$D$4:$D$60,Purchase!D28,Sales!$E$4:$E$60,Purchase!E28,Sales!$F$4:$F$60,Purchase!A28,Sales!$G$4:$G$60,Purchase!B28))) | M28: =IF(Purchase!$E28="-","-",IF(OR(Purchase!$L28="sold",Purchase!$L28="-"),"-",Purchase!$L28*Purchase!$G28)) | N28: =SUMIFS(C$4:C28,D$4:D28,D28,E$4:E28,E28) | V28: [Person_15] 2.0 Laptop Backpack 20L | W28: Black | X28: 4 | Y28: 1259729.7 | Z28: 1 | AA28: 314932.44
A29: 45146 | B29: Shopee | C29: 1 | D29: [Person_9] 20L Woman Backpack | E29: [Person_8] | F29: =765119/2 | G29: =IF(Purchase!$E29="-","-",F29/C29) | H29: =IFERROR(VLOOKUP(D29,$P$4:$Q$23,2,FALSE),"-") | I29: =IF(E29="-","-",(G29+50000)/0.95) | J29: =IF(E29="-","-",I29-G29-(5%*I29)) | K29: =IFERROR(J29/G29,"-") | L29: =IF(E29="-","-",IF(COUNTIFS(Sales!$D$4:$D$60,Purchase!D29,Sales!$E$4:$E$60,Purchase!E29,Sales!$F$4:$F$60,Purchase!A29,Sales!$G$4:$G$60,Purchase!B29)=C29,"sold",C29-COUNTIFS(Sales!$D$4:$D$60,Purchase!D29,Sales!$E$4:$E$60,Purchase!E29,Sales!$F$4:$F$60,Purchase!A29,Sales!$G$4:$G$60,Purchase!B29))) | M29: =IF(Purchase!$E29="-","-",IF(OR(Purchase!$L29="sold",Purchase!$L29="-"),"-",Purchase!$L29*Purchase!$G29)) | N29: =SUMIFS(C$4:C29,D$4:D29,D29,E$4:E29,E29) | V29: [Person_15] 2.0 Laptop Backpack 20L Total | X29: 4 | Y29: 1259729.7 | Z29: 1 | AA29: 314932.44
A30: 45146 | B30: Shopee | C30: 1 | D30: [Person_9] 20L Woman Backpack | E30: [Person_18] | F30: =765119/2 | G30: =IF(Purchase!$E30="-","-",F30/C30) | H30: =IFERROR(VLOOKUP(D30,$P$4:$Q$23,2,FALSE),"-") | I30: =IF(E30="-","-",(G30+50000)/0.95) | J30: =IF(E30="-","-",I30-G30-(5%*I30)) | K30: =IFERROR(J30/G30,"-") | L30: =IF(E30="-","-",IF(COUNTIFS(Sales!$D$4:$D$60,Purchase!D30,Sales!$E$4:$E$60,Purchase!E30,Sales!$F$4:$F$60,Purchase!A30,Sales!$G$4:$G$60,Purchase!B30)=C30,"sold",C30-COUNTIFS(Sales!$D$4:$D$60,Purchase!D30,Sales!$E$4:$E$60,Purchase!E30,Sales!$F$4:$F$60,Purchase!A30,Sales!$G$4:$G$60,Purchase!B30))) | M30: =IF(Purchase!$E30="-","-",IF(OR(Purchase!$L30="sold",Purchase!$L30="-"),"-",Purchase!$L30*Purchase!$G30)) | N30: =SUMIFS(C$4:C30,D$4:D30,D30,E$4:E30,E30) | V30: Eiger Starter Daypack 16L | W30: Blue | X30: 2 | Y30: 437798 | Z30: 0 | AA30: 0
A31: 45146 | B31: Shopee | C31: 1 | D31: [Person_2] Backpack 20L | E31: Navy | F31: =(872150/3) | G31: =IF(Purchase!$E31="-","-",F31/C31) | H31: =IFERROR(VLOOKUP(D31,$P$4:$Q$23,2,FALSE),"-") | I31: =IF(E31="-","-",(G31+50000)/0.95) | J31: =IF(E31="-","-",I31-G31-(5%*I31)) | K31: =IFERROR(J31/G31,"-") | L31: =IF(E31="-","-",IF(COUNTIFS(Sales!$D$4:$D$60,Purchase!D31,Sales!$E$4:$E$60,Purchase!E31,Sales!$F$4:$F$60,Purchase!A31,Sales!$G$4:$G$60,Purchase!B31)=C31,"sold",C31-COUNTIFS(Sales!$D$4:$D$60,Purchase!D31,Sales!$E$4:$E$60,Purchase!E31,Sales!$F$4:$F$60,Purchase!A31,Sales!$G$4:$G$60,Purchase!B31))) | M31: =IF(Purchase!$E31="-","-",IF(OR(Purchase!$L31="sold",Purchase!$L31="-"),"-",Purchase!$L31*Purchase!$G31)) | N31: =SUMIFS(C$4:C31,D$4:D31,D31,E$4:E31,E31) | W31: Olive | X31: 3 | Y31: 665237.57 | Z31: 0 | AA31: 0
A32: 45146 | B32: Shopee | C32: 2 | D32: [Person_2] Backpack 20L | E32: Black | F32: =2*(872150/3) | G32: =IF(Purchase!$E32="-","-",F32/C32) | H32: =IFERROR(VLOOKUP(D32,$P$4:$Q$23,2,FALSE),"-") | I32: =IF(E32="-","-",(G32+50000)/0.95) | J32: =IF(E32="-","-",I32-G32-(5%*I32)) | K32: =IFERROR(J32/G32,"-") | L32: =IF(E32="-","-",IF(COUNTIFS(Sales!$D$4:$D$60,Purchase!D32,Sales!$E$4:$E$60,Purchase!E32,Sales!$F$4:$F$60,Purchase!A32,Sales!$G$4:$G$60,Purchase!B32)=C32,"sold",C32-COUNTIFS(Sales!$D$4:$D$60,Purchase!D32,Sales!$E$4:$E$60,Purchase!E32,Sales!$F$4:$F$60,Purchase!A32,Sales!$G$4:$G$60,Purchase!B32))) | M32: =IF(Purchase!$E32="-","-",IF(OR(Purchase!$L32="sold",Purchase!$L32="-"),"-",Purchase!$L32*Purchase!$G32)) | N32: =SUMIFS(C$4:C32,D$4:D32,D32,E$4:E32,E32) | V32: Eiger Starter Daypack 16L Total | X32: 5 | Y32: 1103035.6 | Z32: 0 | AA32: 0
A33: 45147 | B33: Lazada | C33: 2 | D33: Eiger Starter Daypack 21L | E33: Olive | F33: 570497.91 | G33: =IF(Purchase!$E33="-","-",F33/C33) | H33: =IFERROR(VLOOKUP(D33,$P$4:$Q$23,2,FALSE),"-") | I33: =IF(E33="-","-",(G33+50000)/0.95) | J33: =IF(E33="-","-",I33-G33-(5%*I33)) | K33: =IFERROR(J33/G33,"-") | L33: =IF(E33="-","-",IF(COUNTIFS(Sales!$D$4:$D$60,Purchase!D33,Sales!$E$4:$E$60,Purchase!E33,Sales!$F$4:$F$60,Purchase!A33,Sales!$G$4:$G$60,Purchase!B33)=C33,"sold",C33-COUNTIFS(Sales!$D$4:$D$60,Purchase!D33,Sales!$E$4:$E$60,Purchase!E33,Sales!$F$4:$F$60,Purchase!A33,Sales!$G$4:$G$60,Purchase!B33))) | M33: =IF(Purchase!$E33="-","-",IF(OR(Purchase!$L33="sold",Purchase!$L33="-"),"-",Purchase!$L33*Purchase!$G33)) | N33: =SUMIFS(C$4:C33,D$4:D33,D33,E$4:E33,E33) | V33: Eiger Starter Daypack 21L | W33: Blue | X33: 1 | Y33: 278152 | Z33: 1 | AA33: 278152
A34: 45147 | B34: Lazada | C34: 1 | D34: Eiger Meridian 30L Laptop Backpack | E34: [Person_17] | F34: 451298.09 | G34: =IF(Purchase!$E34="-","-",F34/C34) | H34: =IFERROR(VLOOKUP(D34,$P$4:$Q$23,2,FALSE),"-") | I34: =IF(E34="-","-",(G34+50000)/0.95) | J34: =IF(E34="-","-",I34-G34-(5%*I34)) | K34: =IFERROR(J34/G34,"-") | L34: =IF(E34="-","-",IF(COUNTIFS(Sales!$D$4:$D$60,Purchase!D34,Sales!$E$4:$E$60,Purchase!E34,Sales!$F$4:$F$60,Purchase!A34,Sales!$G$4:$G$60,Purchase!B34)=C34,"sold",C34-COUNTIFS(Sales!$D$4:$D$60,Purchase!D34,Sales!$E$4:$E$60,Purchase!E34,Sales!$F$4:$F$60,Purchase!A34,Sales!$G$4:$G$60,Purchase!B34))) | M34: =IF(Purchase!$E34="-","-",IF(OR(Purchase!$L34="sold",Purchase!$L34="-"),"-",Purchase!$L34*Purchase!$G34)) | N34: =SUMIFS(C$4:C34,D$4:D34,D34,E$4:E34,E34) | W34: Olive | X34: 2 | Y34: 570497.91 | Z34: 2 | AA34: 570497.91
A35: 45172 | B35: Lazada | C35: 1 | D35: [Person_12] | E35: Olive | F35: 235000 | G35: =IF(Purchase!$E35="-","-",F35/C35) | H35: =IFERROR(VLOOKUP(D35,$P$4:$Q$23,2,FALSE),"-") | I35: =IF(E35="-","-",(G35+50000)/0.95) | J35: =IF(E35="-","-",I35-G35-(5%*I35)) | K35: =IFERROR(J35/G35,"-") | L35: =IF(E35="-","-",IF(COUNTIFS(Sales!$D$4:$D$60,Purchase!D35,Sales!$E$4:$E$60,Purchase!E35,Sales!$F$4:$F$60,Purchase!A35,Sales!$G$4:$G$60,Purchase!B35)=C35,"sold",C35-COUNTIFS(Sales!$D$4:$D$60,Purchase!D35,Sales!$E$4:$E$60,Purchase!E35,Sales!$F$4:$F$60,Purchase!A35,Sales!$G$4:$G$60,Purchase!B35))) | M35: =IF(Purchase!$E35="-","-",IF(OR(Purchase!$L35="sold",Purchase!$L35="-"),"-",Purchase!$L35*Purchase!$G35)) | N35: =SUMIFS(C$4:C35,D$4:D35,D35,E$4:E35,E35) | V35: Eiger Starter Daypack 21L Total | X35: 3 | Y35: 848649.91 | Z35: 3 | AA35: 848649.91
A36: 45178 | B36: Shopee | C36: 10 | D36: [Person_11] 25L | E36: Black | F36: =812000+813000+788918+1594153 | G36: =IF(Purchase!$E36="-","-",F36/C36) | H36: =IFERROR(VLOOKUP(D36,$P$4:$Q$23,2,FALSE),"-") | I36: =IF(E36="-","-",(G36+50000)/0.95) | J36: =IF(E36="-","-",I36-G36-(5%*I36)) | K36: =IFERROR(J36/G36,"-") | L36: =IF(E36="-","-",IF(COUNTIFS(Sales!$D$4:$D$60,Purchase!D36,Sales!$E$4:$E$60,Purchase!E36,Sales!$F$4:$F$60,Purchase!A36,Sales!$G$4:$G$60,Purchase!B36)=C36,"sold",C36-COUNTIFS(Sales!$D$4:$D$60,Purchase!D36,Sales!$E$4:$E$60,Purchase!E36,Sales!$F$4:$F$60,Purchase!A36,Sales!$G$4:$G$60,Purchase!B36))) | M36: =IF(Purchase!$E36="-","-",IF(OR(Purchase!$L36="sold",Purchase!$L36="-"),"-",Purchase!$L36*Purchase!$G36)) | N36: =SUMIFS(C$4:C36,D$4:D36,D36,E$4:E36,E36) | V36: [Person_2] Backpack 20L | W36: Black | X36: 13 | Y36: 3806077.2 | Z36: 2 | AA36: 581433.33
A37: 45178 | B37: Lazada | C37: 7 | D37: Eiger Forlough 20 Laptop Backpack | E37: Black | F37: =673490+697490+1052235 | G37: =IF(Purchase!$E37="-","-",F37/C37) | H37: =IFERROR(VLOOKUP(D37,$P$4:$Q$23,2,FALSE),"-") | I37: =IF(E37="-","-",(G37+50000)/0.95) | J37: =IF(E37="-","-",I37-G37-(5%*I37)) | K37: =IFERROR(J37/G37,"-") | L37: =IF(E37="-","-",IF(COUNTIFS(Sales!$D$4:$D$60,Purchase!D37,Sales!$E$4:$E$60,Purchase!E37,Sales!$F$4:$F$60,Purchase!A37,Sales!$G$4:$G$60,Purchase!B37)=C37,"sold",C37-COUNTIFS(Sales!$D$4:$D$60,Purchase!D37,Sales!$E$4:$E$60,Purchase!E37,Sales!$F$4:$F$60,Purchase!A37,Sales!$G$4:$G$60,Purchase!B37))) | M37: =IF(Purchase!$E37="-","-",IF(OR(Purchase!$L37="sold",Purchase!$L37="-"),"-",Purchase!$L37*Purchase!$G37)) | N37: =SUMIFS(C$4:C37,D$4:D37,D37,E$4:E37,E37) | W37: Khaki | X37: 2 | Y37: 596907.03 | Z37: 1 | AA37: 298453.52
A38: 45178 | B38: Shopee | C38: 1 | D38: [Person_5] Pack 20L Backpack | E38: Black | F38: 291816.67 | G38: =IF(Purchase!$E38="-","-",F38/C38) | H38: =IFERROR(VLOOKUP(D38,$P$4:$Q$23,2,FALSE),"-") | I38: =IF(E38="-","-",(G38+50000)/0.95) | J38: =IF(E38="-","-",I38-G38-(5%*I38)) | K38: =IFERROR(J38/G38,"-") | L38: =IF(E38="-","-",IF(COUNTIFS(Sales!$D$4:$D$60,Purchase!D38,Sales!$E$4:$E$60,Purchase!E38,Sales!$F$4:$F$60,Purchase!A38,Sales!$G$4:$G$60,Purchase!B38)=C38,"sold",C38-COUNTIFS(Sales!$D$4:$D$60,Purchase!D38,Sales!$E$4:$E$60,Purchase!E38,Sales!$F$4:$F$60,Purchase!A38,Sales!$G$4:$G$60,Purchase!B38))) | M38: =IF(Purchase!$E38="-","-",IF(OR(Purchase!$L38="sold",Purchase!$L38="-"),"-",Purchase!$L38*Purchase!$G38)) | N38: =SUMIFS(C$4:C38,D$4:D38,D38,E$4:E38,E38) | W38: Navy | X38: 3 | Y38: 858086.63 | Z38: 0 | AA38: 0
A39: 45178 | B39: Lazada | C39: 2 | D39: [Person_12] | E39: Olive | F39: 537090 | G39: =IF(Purchase!$E39="-","-",F39/C39) | H39: =IFERROR(VLOOKUP(D39,$P$4:$Q$23,2,FALSE),"-") | I39: =IF(E39="-","-",(G39+50000)/0.95) | J39: =IF(E39="-","-",I39-G39-(5%*I39)) | K39: =IFERROR(J39/G39,"-") | L39: =IF(E39="-","-",IF(COUNTIFS(Sales!$D$4:$D$60,Purchase!D39,Sales!$E$4:$E$60,Purchase!E39,Sales!$F$4:$F$60,Purchase!A39,Sales!$G$4:$G$60,Purchase!B39)=C39,"sold",C39-COUNTIFS(Sales!$D$4:$D$60,Purchase!D39,Sales!$E$4:$E$60,Purchase!E39,Sales!$F$4:$F$60,Purchase!A39,Sales!$G$4:$G$60,Purchase!B39))) | M39: =IF(Purchase!$E39="-","-",IF(OR(Purchase!$L39="sold",Purchase!$L39="-"),"-",Purchase!$L39*Purchase!$G39)) | N39: =SUMIFS(C$4:C39,D$4:D39,D39,E$4:E39,E39) | V39: [Person_2] Backpack 20L Total | X39: 18 | Y39: 5261070.9 | Z39: 3 | AA39: 879886.85
A40: 45178 | B40: Shopee | C40: 1 | D40: [Person_10] 20L Laptop Backpack | E40: Navy | F40: 179100 | G40: =IF(Purchase!$E40="-","-",F40/C40) | H40: =IFERROR(VLOOKUP(D40,$P$4:$Q$23,2,FALSE),"-") | I40: =IF(E40="-","-",(G40+50000)/0.95) | J40: =IF(E40="-","-",I40-G40-(5%*I40)) | K40: =IFERROR(J40/G40,"-") | L40: =IF(E40="-","-",IF(COUNTIFS(Sales!$D$4:$D$60,Purchase!D40,Sales!$E$4:$E$60,Purchase!E40,Sales!$F$4:$F$60,Purchase!A40,Sales!$G$4:$G$60,Purchase!B40)=C40,"sold",C40-COUNTIFS(Sales!$D$4:$D$60,Purchase!D40,Sales!$E$4:$E$60,Purchase!E40,Sales!$F$4:$F$60,Purchase!A40,Sales!$G$4:$G$60,Purchase!B40))) | M40: =IF(Purchase!$E40="-","-",IF(OR(Purchase!$L40="sold",Purchase!$L40="-"),"-",Purchase!$L40*Purchase!$G40)) | N40: =SUMIFS(C$4:C40,D$4:D40,D40,E$4:E40,E40) | V40: [Person_12] | W40: Navy | X40: 2 | Y40: 492376.08 | Z40: 1 | AA40: 246188.04
A41: 45179 | B41: Lazada | C41: 2 | D41: Eiger Forlough 20 Laptop Backpack | E41: Black | F41: =(1045673/3)*2 | G41: =IF(Purchase!$E41="-","-",F41/C41) | H41: =IFERROR(VLOOKUP(D41,$P$4:$Q$23,2,FALSE),"-") | I41: =IF(E41="-","-",(G41+50000)/0.95) | J41: =IF(E41="-","-",I41-G41-(5%*I41)) | K41: =IFERROR(J41/G41,"-") | L41: =IF(E41="-","-",IF(COUNTIFS(Sales!$D$4:$D$60,Purchase!D41,Sales!$E$4:$E$60,Purchase!E41,Sales!$F$4:$F$60,Purchase!A41,Sales!$G$4:$G$60,Purchase!B41)=C41,"sold",C41-COUNTIFS(Sales!$D$4:$D$60,Purchase!D41,Sales!$E$4:$E$60,Purchase!E41,Sales!$F$4:$F$60,Purchase!A41,Sales!$G$4:$G$60,Purchase!B41))) | M41: =IF(Purchase!$E41="-","-",IF(OR(Purchase!$L41="sold",Purchase!$L41="-"),"-",Purchase!$L41*Purchase!$G41)) | N41: =SUMIFS(C$4:C41,D$4:D41,D41,E$4:E41,E41) | W41: Olive | X41: 4 | Y41: 1048640 | Z41: 1 | AA41: 268545
A42: 45179 | B42: Lazada | C42: 1 | D42: Eiger Forlough 20 Laptop Backpack | E42: Maroon | F42: =(1045673/3) | G42: =IF(Purchase!$E42="-","-",F42/C42) | H42: =IFERROR(VLOOKUP(D42,$P$4:$Q$23,2,FALSE),"-") | I42: =IF(E42="-","-",(G42+50000)/0.95) | J42: =IF(E42="-","-",I42-G42-(5%*I42)) | K42: =IFERROR(J42/G42,"-") | L42: =IF(E42="-","-",IF(COUNTIFS(Sales!$D$4:$D$60,Purchase!D42,Sales!$E$4:$E$60,Purchase!E42,Sales!$F$4:$F$60,Purchase!A42,Sales!$G$4:$G$60,Purchase!B42)=C42,"sold",C42-COUNTIFS(Sales!$D$4:$D$60,Purchase!D42,Sales!$E$4:$E$60,Purchase!E42,Sales!$F$4:$F$60,Purchase!A42,Sales!$G$4:$G$60,Purchase!B42))) | M42: =IF(Purchase!$E42="-","-",IF(OR(Purchase!$L42="sold",Purchase!$L42="-"),"-",Purchase!$L42*Purchase!$G42)) | N42: =SUMIFS(C$4:C42,D$4:D42,D42,E$4:E42,E42) | V42: [Person_19] Backpack Total | X42: 6 | Y42: 1541016.1 | Z42: 2 | AA42: 514733.04
A43: 45180 | B43: Lazada | C43: 1 | D43: [Person_16] Termina 2.0 Backpack | E43: Black | F43: 323000 | G43: =IF(Purchase!$E43="-","-",F43/C43) | H43: =IFERROR(VLOOKUP(D43,$P$4:$Q$23,2,FALSE),"-") | I43: =IF(E43="-","-",(G43+50000)/0.95) | J43: =IF(E43="-","-",I43-G43-(5%*I43)) | K43: =IFERROR(J43/G43,"-") | L43: =IF(E43="-","-",IF(COUNTIFS(Sales!$D$4:$D$60,Purchase!D43,Sales!$E$4:$E$60,Purchase!E43,Sales!$F$4:$F$60,Purchase!A43,Sales!$G$4:$G$60,Purchase!B43)=C43,"sold",C43-COUNTIFS(Sales!$D$4:$D$60,Purchase!D43,Sales!$E$4:$E$60,Purchase!E43,Sales!$F$4:$F$60,Purchase!A43,Sales!$G$4:$G$60,Purchase!B43))) | M43: =IF(Purchase!$E43="-","-",IF(OR(Purchase!$L43="sold",Purchase!$L43="-"),"-",Purchase!$L43*Purchase!$G43)) | N43: =SUMIFS(C$4:C43,D$4:D43,D43,E$4:E43,E43) | V43: [Person_9] 20L Woman Backpack | W43: [Person_8] | X43: 2 | Y43: 749187.83 | Z43: 0 | AA43: 0
A44: 45183 | B44: Tokopedia | C44: 2 | D44: [Person_9] 20L Woman Backpack | E44: Burgundy | F44: 792384 | G44: =IF(Purchase!$E44="-","-",F44/C44) | H44: =IFERROR(VLOOKUP(D44,$P$4:$Q$23,2,FALSE),"-") | I44: =IF(E44="-","-",(G44+50000)/0.95) | J44: =IF(E44="-","-",I44-G44-(5%*I44)) | K44: =IFERROR(J44/G44,"-") | L44: =IF(E44="-","-",IF(COUNTIFS(Sales!$D$4:$D$60,Purchase!D44,Sales!$E$4:$E$60,Purchase!E44,Sales!$F$4:$F$60,Purchase!A44,Sales!$G$4:$G$60,Purchase!B44)=C44,"sold",C44-COUNTIFS(Sales!$D$4:$D$60,Purchase!D44,Sales!$E$4:$E$60,Purchase!E44,Sales!$F$4:$F$60,Purchase!A44,Sales!$G$4:$G$60,Purchase!B44))) | M44: =IF(Purchase!$E44="-","-",IF(OR(Purchase!$L44="sold",Purchase!$L44="-"),"-",Purchase!$L44*Purchase!$G44)) | N44: =SUMIFS(C$4:C44,D$4:D44,D44,E$4:E44,E44) | W44: [Person_18] | X44: 1 | Y44: 382559.5 | Z44: 1 | AA44: 382559.5
A45: 45184 | B45: Shopee | C45: 3 | D45: [Person_11] 25L | E45: Black | F45: 1096300 | G45: =IF(Purchase!$E45="-","-",F45/C45) | H45: =IFERROR(VLOOKUP(D45,$P$4:$Q$23,2,FALSE),"-") | I45: =IF(E45="-","-",(G45+50000)/0.95) | J45: =IF(E45="-","-",I45-G45-(5%*I45)) | K45: =IFERROR(J45/G45,"-") | L45: =IF(E45="-","-",IF(COUNTIFS(Sales!$D$4:$D$60,Purchase!D45,Sales!$E$4:$E$60,Purchase!E45,Sales!$F$4:$F$60,Purchase!A45,Sales!$G$4:$G$60,Purchase!B45)=C45,"sold",C45-COUNTIFS(Sales!$D$4:$D$60,Purchase!D45,Sales!$E$4:$E$60,Purchase!E45,Sales!$F$4:$F$60,Purchase!A45,Sales!$G$4:$G$60,Purchase!B45))) | M45: =IF(Purchase!$E45="-","-",IF(OR(Purchase!$L45="sold",Purchase!$L45="-"),"-",Purchase!$L45*Purchase!$G45)) | N45: =SUMIFS(C$4:C45,D$4:D45,D45,E$4:E45,E45) | W45: Burgundy | X45: 4 | Y45: 1525640.7 | Z45: 2 | AA45: 792384
A46: 45190 | B46: Shopee | C46: 3 | D46: [Person_11] 25L | E46: Navy | F46: 1058720 | G46: =IF(Purchase!$E46="-","-",F46/C46) | H46: =IFERROR(VLOOKUP(D46,$P$4:$Q$23,2,FALSE),"-") | I46: =IF(E46="-","-",(G46+50000)/0.95) | J46: =IF(E46="-","-",I46-G46-(5%*I46)) | K46: =IFERROR(J46/G46,"-") | L46: =IF(E46="-","-",IF(COUNTIFS(Sales!$D$4:$D$60,Purchase!D46,Sales!$E$4:$E$60,Purchase!E46,Sales!$F$4:$F$60,Purchase!A46,Sales!$G$4:$G$60,Purchase!B46)=C46,"sold",C46-COUNTIFS(Sales!$D$4:$D$60,Purchase!D46,Sales!$E$4:$E$60,Purchase!E46,Sales!$F$4:$F$60,Purchase!A46,Sales!$G$4:$G$60,Purchase!B46))) | M46: =IF(Purchase!$E46="-","-",IF(OR(Purchase!$L46="sold",Purchase!$L46="-"),"-",Purchase!$L46*Purchase!$G46)) | N46: =SUMIFS(C$4:C46,D$4:D46,D46,E$4:E46,E46) | V46: [Person_9] 20L Woman Backpack Total | X46: 7 | Y46: 2657388 | Z46: 3 | AA46: 1174943.5
A47: 45194 | B47: Shopee | C47: 2 | D47: [Person_11] 25L | E47: Khaki | F47: 860585 | G47: =IF(Purchase!$E47="-","-",F47/C47) | H47: =IFERROR(VLOOKUP(D47,$P$4:$Q$23,2,FALSE),"-") | I47: =IF(E47="-","-",(G47+50000)/0.95) | J47: =IF(E47="-","-",I47-G47-(5%*I47)) | K47: =IFERROR(J47/G47,"-") | L47: =IF(E47="-","-",IF(COUNTIFS(Sales!$D$4:$D$60,Purchase!D47,Sales!$E$4:$E$60,Purchase!E47,Sales!$F$4:$F$60,Purchase!A47,Sales!$G$4:$G$60,Purchase!B47)=C47,"sold",C47-COUNTIFS(Sales!$D$4:$D$60,Purchase!D47,Sales!$E$4:$E$60,Purchase!E47,Sales!$F$4:$F$60,Purchase!A47,Sales!$G$4:$G$60,Purchase!B47))) | M47: =IF(Purchase!$E47="-","-",IF(OR(Purchase!$L47="sold",Purchase!$L47="-"),"-",Purchase!$L47*Purchase!$G47)) | N47: =SUMIFS(C$4:C47,D$4:D47,D47,E$4:E47,E47) | V47: [Person_10] 20L Laptop Backpack | W47: Navy | X47: 1 | Y47: 179100 | Z47: 0 | AA47: 0
A48: 45195 | B48: Shopee | C48: 2 | D48: [Person_11] 25L | E48: Khaki | F48: 846095 | G48: =IF(Purchase!$E48="-","-",F48/C48) | H48: =IFERROR(VLOOKUP(D48,$P$4:$Q$23,2,FALSE),"-") | I48: =IF(E48="-","-",(G48+50000)/0.95) | J48: =IF(E48="-","-",I48-G48-(5%*I48)) | K48: =IFERROR(J48/G48,"-") | L48: =IF(E48="-","-",IF(COUNTIFS(Sales!$D$4:$D$60,Purchase!D48,Sales!$E$4:$E$60,Purchase!E48,Sales!$F$4:$F$60,Purchase!A48,Sales!$G$4:$G$60,Purchase!B48)=C48,"sold",C48-COUNTIFS(Sales!$D$4:$D$60,Purchase!D48,Sales!$E$4:$E$60,Purchase!E48,Sales!$F$4:$F$60,Purchase!A48,Sales!$G$4:$G$60,Purchase!B48))) | M48: =IF(Purchase!$E48="-","-",IF(OR(Purchase!$L48="sold",Purchase!$L48="-"),"-",Purchase!$L48*Purchase!$G48)) | N48: =SUMIFS(C$4:C48,D$4:D48,D48,E$4:E48,E48) | V48: [Person_10] 20L Laptop Backpack Total | X48: 1 | Y48: 179100 | Z48: 0 | AA48: 0
A49: 45196 | B49: Shopee | C49: 2 | D49: [Person_11] 25L | E49: Khaki | F49: 729000 | G49: =IF(Purchase!$E49="-","-",F49/C49) | H49: =IFERROR(VLOOKUP(D49,$P$4:$Q$23,2,FALSE),"-") | I49: =IF(E49="-","-",(G49+50000)/0.95) | J49: =IF(E49="-","-",I49-G49-(5%*I49)) | K49: =IFERROR(J49/G49,"-") | L49: =IF(E49="-","-",IF(COUNTIFS(Sales!$D$4:$D$60,Purchase!D49,Sales!$E$4:$E$60,Purchase!E49,Sales!$F$4:$F$60,Purchase!A49,Sales!$G$4:$G$60,Purchase!B49)=C49,"sold",C49-COUNTIFS(Sales!$D$4:$D$60,Purchase!D49,Sales!$E$4:$E$60,Purchase!E49,Sales!$F$4:$F$60,Purchase!A49,Sales!$G$4:$G$60,Purchase!B49))) | M49: =IF(Purchase!$E49="-","-",IF(OR(Purchase!$L49="sold",Purchase!$L49="-"),"-",Purchase!$L49*Purchase!$G49)) | N49: =SUMIFS(C$4:C49,D$4:D49,D49,E$4:E49,E49) | V49: Plastik packing | W49: - | X49: 1 | Y49: 38720 | Z49: 0 | AA49: 0
A50: 45202 | B50: Lazada | C50: 1 | D50: Eiger Starter Daypack 21L | E50: Blue | F50: 278152 | G50: =IF(Purchase!$E50="-","-",F50/C50) | H50: =IFERROR(VLOOKUP(D50,$P$4:$Q$23,2,FALSE),"-") | I50: =IF(E50="-","-",(G50+50000)/0.95) | J50: =IF(E50="-","-",I50-G50-(5%*I50)) | K50: =IFERROR(J50/G50,"-") | L50: =IF(E50="-","-",IF(COUNTIFS(Sales!$D$4:$D$60,Purchase!D50,Sales!$E$4:$E$60,Purchase!E50,Sales!$F$4:$F$60,Purchase!A50,Sales!$G$4:$G$60,Purchase!B50)=C50,"sold",C50-COUNTIFS(Sales!$D$4:$D$60,Purchase!D50,Sales!$E$4:$E$60,Purchase!E50,Sales!$F$4:$F$60,Purchase!A50,Sales!$G$4:$G$60,Purchase!B50))) | M50: =IF(Purchase!$E50="-","-",IF(OR(Purchase!$L50="sold",Purchase!$L50="-"),"-",Purchase!$L50*Purchase!$G50)) | N50: =SUMIFS(C$4:C50,D$4:D50,D50,E$4:E50,E50) | V50: Plastik packing Total | X50: 1 | Y50: 38720 | Z50: 0 | AA50: 0
A51: 45208 | B51: Shopee | C51: 4 | D51: [Person_6] 15 Laptop Backpack | E51: Black | F51: 914270 | G51: =IF(Purchase!$E51="-","-",F51/C51) | H51: =IFERROR(VLOOKUP(D51,$P$4:$Q$23,2,FALSE),"-") | I51: =IF(E51="-","-",(G51+50000)/0.95) | J51: =IF(E51="-","-",I51-G51-(5%*I51)) | K51: =IFERROR(J51/G51,"-") | L51: =IF(E51="-","-",IF(COUNTIFS(Sales!$D$4:$D$60,Purchase!D51,Sales!$E$4:$E$60,Purchase!E51,Sales!$F$4:$F$60,Purchase!A51,Sales!$G$4:$G$60,Purchase!B51)=C51,"sold",C51-COUNTIFS(Sales!$D$4:$D$60,Purchase!D51,Sales!$E$4:$E$60,Purchase!E51,Sales!$F$4:$F$60,Purchase!A51,Sales!$G$4:$G$60,Purchase!B51))) | M51: =IF(Purchase!$E51="-","-",IF(OR(Purchase!$L51="sold",Purchase!$L51="-"),"-",Purchase!$L51*Purchase!$G51)) | N51: =SUMIFS(C$4:C51,D$4:D51,D51,E$4:E51,E51) | V51: Grand Total | X51: 110 | Y51: 36293669 | Z51: 54 | AA51: 18823137
A52: 45209 | B52: Lazada | C52: 2 | D52: [Person_9] 20L Woman Backpack | E52: Burgundy | F52: 707590 | G52: =IF(Purchase!$E52="-","-",F52/C52) | H52: =IFERROR(VLOOKUP(D52,$P$4:$Q$23,2,FALSE),"-") | I52: =IF(E52="-","-",(G52+50000)/0.95) | J52: =IF(E52="-","-",I52-G52-(5%*I52)) | K52: =IFERROR(J52/G52,"-") | L52: =IF(E52="-","-",IF(COUNTIFS(Sales!$D$4:$D$60,Purchase!D52,Sales!$E$4:$E$60,Purchase!E52,Sales!$F$4:$F$60,Purchase!A52,Sales!$G$4:$G$60,Purchase!B52)=C52,"sold",C52-COUNTIFS(Sales!$D$4:$D$60,Purchase!D52,Sales!$E$4:$E$60,Purchase!E52,Sales!$F$4:$F$60,Purchase!A52,Sales!$G$4:$G$60,Purchase!B52))) | M52: =IF(Purchase!$E52="-","-",IF(OR(Purchase!$L52="sold",Purchase!$L52="-"),"-",Purchase!$L52*Purchase!$G52)) | N52: =SUMIFS(C$4:C52,D$4:D52,D52,E$4:E52,E52)
A53: 45209 | B53: Lazada | C53: 2 | D53: Eiger Starter Daypack 16L | E53: Blue | F53: 476457 | G53: =IF(Purchase!$E53="-","-",F53/C53) | H53: =IFERROR(VLOOKUP(D53,$P$4:$Q$23,2,FALSE),"-") | I53: =IF(E53="-","-",(G53+50000)/0.95) | J53: =IF(E53="-","-",I53-G53-(5%*I53)) | K53: =IFERROR(J53/G53,"-") | L53: =IF(E53="-","-",IF(COUNTIFS(Sales!$D$4:$D$60,Purchase!D53,Sales!$E$4:$E$60,Purchase!E53,Sales!$F$4:$F$60,Purchase!A53,Sales!$G$4:$G$60,Purchase!B53)=C53,"sold",C53-COUNTIFS(Sales!$D$4:$D$60,Purchase!D53,Sales!$E$4:$E$60,Purchase!E53,Sales!$F$4:$F$60,Purchase!A53,Sales!$G$4:$G$60,Purchase!B53))) | M53: =IF(Purchase!$E53="-","-",IF(OR(Purchase!$L53="sold",Purchase!$L53="-"),"-",Purchase!$L53*Purchase!$G53)) | N53: =SUMIFS(C$4:C53,D$4:D53,D53,E$4:E53,E53)
A54: 45209 | B54: Lazada | C54: 1 | D54: [Person_5] Pack 20L Backpack | E54: Green | F54: 301228 | G54: =IF(Purchase!$E54="-","-",F54/C54) | H54: =IFERROR(VLOOKUP(D54,$P$4:$Q$23,2,FALSE),"-") | I54: =IF(E54="-","-",(G54+50000)/0.95) | J54: =IF(E54="-","-",I54-G54-(5%*I54)) | K54: =IFERROR(J54/G54,"-") | L54: =IF(E54="-","-",IF(COUNTIFS(Sales!$D$4:$D$60,Purchase!D54,Sales!$E$4:$E$60,Purchase!E54,Sales!$F$4:$F$60,Purchase!A54,Sales!$G$4:$G$60,Purchase!B54)=C54,"sold",C54-COUNTIFS(Sales!$D$4:$D$60,Purchase!D54,Sales!$E$4:$E$60,Purchase!E54,Sales!$F$4:$F$60,Purchase!A54,Sales!$G$4:$G$60,Purchase!B54))) | M54: =IF(Purchase!$E54="-","-",IF(OR(Purchase!$L54="sold",Purchase!$L54="-"),"-",Purchase!$L54*Purchase!$G54)) | N54: =SUMIFS(C$4:C54,D$4:D54,D54,E$4:E54,E54)
A55: 45213 | B55: Lazada | C55: 1 | D55: [Person_5] Pack 20L Backpack | E55: Green | F55: 276604.67 | G55: =IF(Purchase!$E55="-","-",F55/C55) | H55: =IFERROR(VLOOKUP(D55,$P$4:$Q$23,2,FALSE),"-") | I55: =IF(E55="-","-",(G55+50000)/0.95) | J55: =IF(E55="-","-",I55-G55-(5%*I55)) | K55: =IFERROR(J55/G55,"-") | L55: =IF(E55="-","-",IF(COUNTIFS(Sales!$D$4:$D$60,Purchase!D55,Sales!$E$4:$E$60,Purchase!E55,Sales!$F$4:$F$60,Purchase!A55,Sales!$G$4:$G$60,Purchase!B55)=C55,"sold",C55-COUNTIFS(Sales!$D$4:$D$60,Purchase!D55,Sales!$E$4:$E$60,Purchase!E55,Sales!$F$4:$F$60,Purchase!A55,Sales!$G$4:$G$60,Purchase!B55))) | M55: =IF(Purchase!$E55="-","-",IF(OR(Purchase!$L55="sold",Purchase!$L55="-"),"-",Purchase!$L55*Purchase!$G55)) | N55: =SUMIFS(C$4:C55,D$4:D55,D55,E$4:E55,E55)
A56: 45213 | B56: Lazada | C56: 1 | D56: Eiger Starter Daypack 16L | E56: Blue | F56: 231471.04 | G56: =IF(Purchase!$E56="-","-",F56/C56) | H56: =IFERROR(VLOOKUP(D56,$P$4:$Q$23,2,FALSE),"-") | I56: =IF(E56="-","-",(G56+50000)/0.95) | J56: =IF(E56="-","-",I56-G56-(5%*I56)) | K56: =IFERROR(J56/G56,"-") | L56: =IF(E56="-","-",IF(COUNTIFS(Sales!$D$4:$D$60,Purchase!D56,Sales!$E$4:$E$60,Purchase!E56,Sales!$F$4:$F$60,Purchase!A56,Sales!$G$4:$G$60,Purchase!B56)=C56,"sold",C56-COUNTIFS(Sales!$D$4:$D$60,Purchase!D56,Sales!$E$4:$E$60,Purchase!E56,Sales!$F$4:$F$60,Purchase!A56,Sales!$G$4:$G$60,Purchase!B56))) | M56: =IF(Purchase!$E56="-","-",IF(OR(Purchase!$L56="sold",Purchase!$L56="-"),"-",Purchase!$L56*Purchase!$G56)) | N56: =SUMIFS(C$4:C56,D$4:D56,D56,E$4:E56,E56)
A57: 45213 | B57: Lazada | C57: 1 | D57: [Person_9] 20L Woman Backpack | E57: Burgundy | F57: 341081.29 | G57: =IF(Purchase!$E57="-","-",F57/C57) | H57: =IFERROR(VLOOKUP(D57,$P$4:$Q$23,2,FALSE),"-") | I57: =IF(E57="-","-",(G57+50000)/0.95) | J57: =IF(E57="-","-",I57-G57-(5%*I57)) | K57: =IFERROR(J57/G57,"-") | L57: =IF(E57="-","-",IF(COUNTIFS(Sales!$D$4:$D$60,Purchase!D57,Sales!$E$4:$E$60,Purchase!E57,Sales!$F$4:$F$60,Purchase!A57,Sales!$G$4:$G$60,Purchase!B57)=C57,"sold",C57-COUNTIFS(Sales!$D$4:$D$60,Purchase!D57,Sales!$E$4:$E$60,Purchase!E57,Sales!$F$4:$F$60,Purchase!A57,Sales!$G$4:$G$60,Purchase!B57))) | M57: =IF(Purchase!$E57="-","-",IF(OR(Purchase!$L57="sold",Purchase!$L57="-"),"-",Purchase!$L57*Purchase!$G57)) | N57: =SUMIFS(C$4:C57,D$4:D57,D57,E$4:E57,E57)

Sheet Sales
A1: [Person_20]
A3: No | B3: Sold Date | C3: From | D3: Items | E3: Color | F3: Purchase Date | G3: Purchase Source | H3: Purchase Price | I3: Selling Price | J3: Profit | K3: Deduction | L3: Nett Profit | M3: Reason | N3: Profit % | P3: Cumulative | Q3: Purchase Date | R3: check
A4: 1 | B4: 45112 | C4: Shopee | D4: Eiger Starter Daypack 16L | E4: Olive | F4: 45109 | G4: {=INDEX(Purchase!$B$4:$B$51,MATCH(F4&Sales!D4&Sales!E4,Purchase!$A$4:$A$51&Purchase!$D$4:$D$51&Purchase!$E$4:$E$51,0))} | H4: {=INDEX(Purchase!$G$4:$G$51,MATCH(Sales!D4&Sales!E4&Sales!F4&G4,Purchase!$D$4:$D$51&Purchase!$E$4:$E$51&Purchase!$A$4:$A$51&Purchase!$B$4:$B$51,0))} | I4: 295000 | J4: =I4-H4 | K4: 0 | L4: =J4-K4 | M4: Full Profit | N4: =(I4-H4)/H4 | P4: =COUNTIFS(D$4:D4,D4,E$4:E4,E4) | Q4: =INDEX(Purchase!A$4:A$58,_xlfn.AGGREGATE(15,6,(ROW(Purchase!A$4:A$58)-ROW(Purchase!A$3))/(Purchase!D$4:D$58=D4)/(Purchase!E$4:E$58=E4)/(Purchase!N$4:N$57>=P4),1)) | R4: =Q4=F4
A5: 2 | B5: 45112 | C5: Shopee | D5: [Person_2] Backpack 20L | E5: Black | F5: 45110 | G5: {=INDEX(Purchase!$B$4:$B$51,MATCH(F5&Sales!D5&Sales!E5,Purchase!$A$4:$A$51&Purchase!$D$4:$D$51&Purchase!$E$4:$E$51,0))} | H5: {=INDEX(Purchase!$G$4:$G$51,MATCH(Sales!D5&Sales!E5&Sales!F5&G5,Purchase!$D$4:$D$51&Purchase!$E$4:$E$51&Purchase!$A$4:$A$51&Purchase!$B$4:$B$51,0))} | I5: 360000 | J5: =I5-H5 | K5: 0 | L5: =J5-K5 | M5: Full Profit | N5: =(I5-H5)/H5 | P5: =COUNTIFS(D$4:D5,D5,E$4:E5,E5) | Q5: =INDEX(Purchase!A$4:A$58,_xlfn.AGGREGATE(15,6,(ROW(Purchase!A$4:A$58)-ROW(Purchase!A$3))/(Purchase!D$4:D$58=D5)/(Purchase!E$4:E$58=E5)/(Purchase!N$4:N$57>=P5),1)) | R5: =Q5=F5
A6: 3 | B6: 45114 | C6: Shopee | D6: Eiger Starter Daypack 16L | E6: Olive | F6: 45109 | G6: {=INDEX(Purchase!$B$4:$B$51,MATCH(F6&Sales!D6&Sales!E6,Purchase!$A$4:$A$51&Purchase!$D$4:$D$51&Purchase!$E$4:$E$51,0))} | H6: {=INDEX(Purchase!$G$4:$G$51,MATCH(Sales!D6&Sales!E6&Sales!F6&G6,Purchase!$D$4:$D$51&Purchase!$E$4:$E$51&Purchase!$A$4:$A$51&Purchase!$B$4:$B$51,0))} | I6: 295000 | J6: =I6-H6 | K6: 0 | L6: =J6-K6 | M6: Full Profit | N6: =(I6-H6)/H6 | P6: =COUNTIFS(D$4:D6,D6,E$4:E6,E6) | Q6: =INDEX(Purchase!A$4:A$58,_xlfn.AGGREGATE(15,6,(ROW(Purchase!A$4:A$58)-ROW(Purchase!A$3))/(Purchase!D$4:D$58=D6)/(Purchase!E$4:E$58=E6)/(Purchase!N$4:N$57>=P6),1)) | R6: =Q6=F6
A7: 4 | B7: 45116 | C7: Shopee | D7: [Person_2] Backpack 20L | E7: Black | F7: 45111 | G7: {=INDEX(Purchase!$B$4:$B$51,MATCH(F7&Sales!D7&Sales!E7,Purchase!$A$4:$A$51&Purchase!$D$4:$D$51&Purchase!$E$4:$E$51,0))} | H7: {=INDEX(Purchase!$G$4:$G$51,MATCH(Sales!D7&Sales!E7&Sales!F7&G7,Purchase!$D$4:$D$51&Purchase!$E$4:$E$51&Purchase!$A$4:$A$51&Purchase!$B$4:$B$51,0))} | I7: 370000 | J7: =I7-H7 | K7: 0 | L7: =J7-K7 | M7: Full Profit | N7: =(I7-H7)/H7 | P7: =COUNTIFS(D$4:D7,D7,E$4:E7,E7) | Q7: =INDEX(Purchase!A$4:A$58,_xlfn.AGGREGATE(15,6,(ROW(Purchase!A$4:A$58)-ROW(Purchase!A$3))/(Purchase!D$4:D$58=D7)/(Purchase!E$4:E$58=E7)/(Purchase!N$4:N$57>=P7),1)) | R7: =Q7=F7
A8: 5 | B8: 45117 | C8: Shopee | D8: [Person_2] Backpack 20L | E8: Black | F8: 45114 | G8: {=INDEX(Purchase!$B$4:$B$51,MATCH(F8&Sales!D8&Sales!E8,Purchase!$A$4:$A$51&Purchase!$D$4:$D$51&Purchase!$E$4:$E$51,0))} | H8: {=INDEX(Purchase!$G$4:$G$51,MATCH(Sales!D8&Sales!E8&Sales!F8&G8,Purchase!$D$4:$D$51&Purchase!$E$4:$E$51&Purchase!$A$4:$A$51&Purchase!$B$4:$B$51,0))} | I8: 375000 | J8: =I8-H8 | K8: 0 | L8: =J8-K8 | M8: Full Profit | N8: =(I8-H8)/H8 | P8: =COUNTIFS(D$4:D8,D8,E$4:E8,E8) | Q8: =INDEX(Purchase!A$4:A$58,_xlfn.AGGREGATE(15,6,(ROW(Purchase!A$4:A$58)-ROW(Purchase!A$3))/(Purchase!D$4:D$58=D8)/(Purchase!E$4:E$58=E8)/(Purchase!N$4:N$57>=P8),1)) | R8: =Q8=F8
A9: 6 | B9: 45117 | C9: Shopee | D9: [Person_2] Backpack 20L | E9: Black | F9: 45114 | G9: {=INDEX(Purchase!$B$4:$B$51,MATCH(F9&Sales!D9&Sales!E9,Purchase!$A$4:$A$51&Purchase!$D$4:$D$51&Purchase!$E$4:$E$51,0))} | H9: {=INDEX(Purchase!$G$4:$G$51,MATCH(Sales!D9&Sales!E9&Sales!F9&G9,Purchase!$D$4:$D$51&Purchase!$E$4:$E$51&Purchase!$A$4:$A$51&Purchase!$B$4:$B$51,0))} | I9: 375000 | J9: =I9-H9 | K9: 0 | L9: =J9-K9 | M9: Full Profit | N9: =(I9-H9)/H9 | P9: =COUNTIFS(D$4:D9,D9,E$4:E9,E9) | Q9: =INDEX(Purchase!A$4:A$58,_xlfn.AGGREGATE(15,6,(ROW(Purchase!A$4:A$58)-ROW(Purchase!A$3))/(Purchase!D$4:D$58=D9)/(Purchase!E$4:E$58=E9)/(Purchase!N$4:N$57>=P9),1)) | R9: =Q9=F9
A10: 7 | B10: 45117 | C10: Shopee | D10: Eiger Starter Daypack 16L | E10: Olive | F10: 45114 | G10: {=INDEX(Purchase!$B$4:$B$51,MATCH(F10&Sales!D10&Sales!E10,Purchase!$A$4:$A$51&Purchase!$D$4:$D$51&Purchase!$E$4:$E$51,0))} | H10: {=INDEX(Purchase!$G$4:$G$51,MATCH(Sales!D10&Sales!E10&Sales!F10&G10,Purchase!$D$4:$D$51&Purchase!$E$4:$E$51&Purchase!$A$4:$A$51&Purchase!$B$4:$B$51,0))} | I10: 310000 | J10: =I10-H10 | K10: 0 | L10: =J10-K10 | M10: Full Profit | N10: =(I10-H10)/H10 | P10: =COUNTIFS(D$4:D10,D10,E$4:E10,E10) | Q10: =INDEX(Purchase!A$4:A$58,_xlfn.AGGREGATE(15,6,(ROW(Purchase!A$4:A$58)-ROW(Purchase!A$3))/(Purchase!D$4:D$58=D10)/(Purchase!E$4:E$58=E10)/(Purchase!N$4:N$57>=P10),1)) | R10: =Q10=F10
A11: 8 | B11: 45118 | C11: Shopee | D11: [Person_2] Backpack 20L | E11: Black | F11: 45114 | G11: {=INDEX(Purchase!$B$4:$B$51,MATCH(F11&Sales!D11&Sales!E11,Purchase!$A$4:$A$51&Purchase!$D$4:$D$51&Purchase!$E$4:$E$51,0))} | H11: {=INDEX(Purchase!$G$4:$G$51,MATCH(Sales!D11&Sales!E11&Sales!F11&G11,Purchase!$D$4:$D$51&Purchase!$E$4:$E$51&Purchase!$A$4:$A$51&Purchase!$B$4:$B$51,0))} | I11: 375000 | J11: =I11-H11 | K11: 0 | L11: =J11-K11 | M11: Full Profit | N11: =(I11-H11)/H11 | P11: =COUNTIFS(D$4:D11,D11,E$4:E11,E11) | Q11: =INDEX(Purchase!A$4:A$58,_xlfn.AGGREGATE(15,6,(ROW(Purchase!A$4:A$58)-ROW(Purchase!A$3))/(Purchase!D$4:D$58=D11)/(Purchase!E$4:E$58=E11)/(Purchase!N$4:N$57>=P11),1)) | R11: =Q11=F11
A12: 9 | B12: 45118 | C12: Shopee | D12: [Person_2] Backpack 20L | E12: Navy | F12: 45114 | G12: {=INDEX(Purchase!$B$4:$B$51,MATCH(F12&Sales!D12&Sales!E12,Purchase!$A$4:$A$51&Purchase!$D$4:$D$51&Purchase!$E$4:$E$51,0))} | H12: {=INDEX(Purchase!$G$4:$G$51,MATCH(Sales!D12&Sales!E12&Sales!F12&G12,Purchase!$D$4:$D$51&Purchase!$E$4:$E$51&Purchase!$A$4:$A$51&Purchase!$B$4:$B$51,0))} | I12: 370000 | J12: =I12-H12 | K12: 0 | L12: =J12-K12 | M12: Full Profit | N12: =(I12-H12)/H12 | P12: =COUNTIFS(D$4:D12,D12,E$4:E12,E12) | Q12: =INDEX(Purchase!A$4:A$58,_xlfn.AGGREGATE(15,6,(ROW(Purchase!A$4:A$58)-ROW(Purchase!A$3))/(Purchase!D$4:D$58=D12)/(Purchase!E$4:E$58=E12)/(Purchase!N$4:N$57>=P12),1)) | R12: =Q12=F12
A13: 10 | B13: 45118 | C13: Shopee | D13: [Person_2] Backpack 20L | E13: Black | F13: 45114 | G13: {=INDEX(Purchase!$B$4:$B$51,MATCH(F13&Sales!D13&Sales!E13,Purchase!$A$4:$A$51&Purchase!$D$4:$D$51&Purchase!$E$4:$E$51,0))} | H13: {=INDEX(Purchase!$G$4:$G$51,MATCH(Sales!D13&Sales!E13&Sales!F13&G13,Purchase!$D$4:$D$51&Purchase!$E$4:$E$51&Purchase!$A$4:$A$51&Purchase!$B$4:$B$51,0))} | I13: 370000 | J13: =I13-H13 | K13: 0 | L13: =J13-K13 | M13: Full Profit | N13: =(I13-H13)/H13 | P13: =COUNTIFS(D$4:D13,D13,E$4:E13,E13) | Q13: =INDEX(Purchase!A$4:A$58,_xlfn.AGGREGATE(15,6,(ROW(Purchase!A$4:A$58)-ROW(Purchase!A$3))/(Purchase!D$4:D$58=D13)/(Purchase!E$4:E$58=E13)/(Purchase!N$4:N$57>=P13),1)) | R13: =Q13=F13
A14: 11 | B14: 45119 | C14: Shopee | D14: [Person_2] Backpack 20L | E14: Black | F14: 45114 | G14: {=INDEX(Purchase!$B$4:$B$51,MATCH(F14&Sales!D14&Sales!E14,Purchase!$A$4:$A$51&Purchase!$D$4:$D$51&Purchase!$E$4:$E$51,0))} | H14: {=INDEX(Purchase!$G$4:$G$51,MATCH(Sales!D14&Sales!E14&Sales!F14&G14,Purchase!$D$4:$D$51&Purchase!$E$4:$E$51&Purchase!$A$4:$A$51&Purchase!$B$4:$B$51,0))} | I14: 370000 | J14: =I14-H14 | K14: 0 | L14: =J14-K14 | M14: Full Profit | N14: =(I14-H14)/H14 | P14: =COUNTIFS(D$4:D14,D14,E$4:E14,E14) | Q14: =INDEX(Purchase!A$4:A$58,_xlfn.AGGREGATE(15,6,(ROW(Purchase!A$4:A$58)-ROW(Purchase!A$3))/(Purchase!D$4:D$58=D14)/(Purchase!E$4:E$58=E14)/(Purchase!N$4:N$57>=P14),1)) | R14: =Q14=F14
A15: 12 | B15: 45121 | C15: Tokopedia | D15: Eiger Meridian 30L Laptop Backpack | E15: Black | F15: 45114 | G15: {=INDEX(Purchase!$B$4:$B$51,MATCH(F15&Sales!D15&Sales!E15,Purchase!$A$4:$A$51&Purchase!$D$4:$D$51&Purchase!$E$4:$E$51,0))} | H15: {=INDEX(Purchase!$G$4:$G$51,MATCH(Sales!D15&Sales!E15&Sales!F15&G15,Purchase!$D$4:$D$51&Purchase!$E$4:$E$51&Purchase!$A$4:$A$51&Purchase!$B$4:$B$51,0))} | I15: =560000-(3.8%*560000) | J15: =I15-H15 | K15: 0 | L15: =J15-K15 | M15: Full Profit | N15: =(I15-H15)/H15 | P15: =COUNTIFS(D$4:D15,D15,E$4:E15,E15) | Q15: =INDEX(Purchase!A$4:A$58,_xlfn.AGGREGATE(15,6,(ROW(Purchase!A$4:A$58)-ROW(Purchase!A$3))/(Purchase!D$4:D$58=D15)/(Purchase!E$4:E$58=E15)/(Purchase!N$4:N$57>=P15),1)) | R15: =Q15=F15
A16: 13 | B16: 45121 | C16: Tokopedia | D16: Eiger Meridian 30L Laptop Backpack | E16: Black | F16: 45114 | G16: {=INDEX(Purchase!$B$4:$B$51,MATCH(F16&Sales!D16&Sales!E16,Purchase!$A$4:$A$51&Purchase!$D$4:$D$51&Purchase!$E$4:$E$51,0))} | H16: {=INDEX(Purchase!$G$4:$G$51,MATCH(Sales!D16&Sales!E16&Sales!F16&G16,Purchase!$D$4:$D$51&Purchase!$E$4:$E$51&Purchase!$A$4:$A$51&Purchase!$B$4:$B$51,0))} | I16: =560000-(3.8%*560000) | J16: =I16-H16 | K16: 0 | L16: =J16-K16 | M16: Full Profit | N16: =(I16-H16)/H16 | P16: =COUNTIFS(D$4:D16,D16,E$4:E16,E16) | Q16: =INDEX(Purchase!A$4:A$58,_xlfn.AGGREGATE(15,6,(ROW(Purchase!A$4:A$58)-ROW(Purchase!A$3))/(Purchase!D$4:D$58=D16)/(Purchase!E$4:E$58=E16)/(Purchase!N$4:N$57>=P16),1)) | R16: =Q16=F16
A17: 14 | B17: 45121 | C17: Tokopedia | D17: Eiger Meridian 30L Laptop Backpack | E17: Black | F17: 45114 | G17: {=INDEX(Purchase!$B$4:$B$51,MATCH(F17&Sales!D17&Sales!E17,Purchase!$A$4:$A$51&Purchase!$D$4:$D$51&Purchase!$E$4:$E$51,0))} | H17: {=INDEX(Purchase!$G$4:$G$51,MATCH(Sales!D17&Sales!E17&Sales!F17&G17,Purchase!$D$4:$D$51&Purchase!$E$4:$E$51&Purchase!$A$4:$A$51&Purchase!$B$4:$B$51,0))} | I17: =560000-(3.8%*560000) | J17: =I17-H17 | K17: 0 | L17: =J17-K17 | M17: Full Profit | N17: =(I17-H17)/H17 | P17: =COUNTIFS(D$4:D17,D17,E$4:E17,E17) | Q17: =INDEX(Purchase!A$4:A$58,_xlfn.AGGREGATE(15,6,(ROW(Purchase!A$4:A$58)-ROW(Purchase!A$3))/(Purchase!D$4:D$58=D17)/(Purchase!E$4:E$58=E17)/(Purchase!N$4:N$57>=P17),1)) | R17: =Q17=F17
A18: 15 | B18: 45121 | C18: Tokopedia | D18: Eiger Meridian 30L Laptop Backpack | E18: Black | F18: 45114 | G18: {=INDEX(Purchase!$B$4:$B$51,MATCH(F18&Sales!D18&Sales!E18,Purchase!$A$4:$A$51&Purchase!$D$4:$D$51&Purchase!$E$4:$E$51,0))} | H18: {=INDEX(Purchase!$G$4:$G$51,MATCH(Sales!D18&Sales!E18&Sales!F18&G18,Purchase!$D$4:$D$51&Purchase!$E$4:$E$51&Purchase!$A$4:$A$51&Purchase!$B$4:$B$51,0))} | I18: =560000-(3.8%*560000) | J18: =I18-H18 | K18: 0 | L18: =J18-K18 | M18: Full Profit | N18: =(I18-H18)/H18 | P18: =COUNTIFS(D$4:D18,D18,E$4:E18,E18) | Q18: =INDEX(Purchase!A$4:A$58,_xlfn.AGGREGATE(15,6,(ROW(Purchase!A$4:A$58)-ROW(Purchase!A$3))/(Purchase!D$4:D$58=D18)/(Purchase!E$4:E$58=E18)/(Purchase!N$4:N$57>=P18),1)) | R18: =Q18=F18
A19: 16 | B19: 45121 | C19: Tokopedia | D19: [Person_5] Pack 20L Backpack | E19: Navy | F19: 45114 | G19: {=INDEX(Purchase!$B$4:$B$51,MATCH(F19&Sales!D19&Sales!E19,Purchase!$A$4:$A$51&Purchase!$D$4:$D$51&Purchase!$E$4:$E$51,0))} | H19: {=INDEX(Purchase!$G$4:$G$51,MATCH(Sales!D19&Sales!E19&Sales!F19&G19,Purchase!$D$4:$D$51&Purchase!$E$4:$E$51&Purchase!$A$4:$A$51&Purchase!$B$4:$B$51,0))} | I19: =367000-(4.5%*367000)-10000 | J19: =I19-H19 | K19: 0 | L19: =J19-K19 | M19: Full Profit | N19: =(I19-H19)/H19 | P19: =COUNTIFS(D$4:D19,D19,E$4:E19,E19) | Q19: =INDEX(Purchase!A$4:A$58,_xlfn.AGGREGATE(15,6,(ROW(Purchase!A$4:A$58)-ROW(Purchase!A$3))/(Purchase!D$4:D$58=D19)/(Purchase!E$4:E$58=E19)/(Purchase!N$4:N$57>=P19),1)) | R19: =Q19=F19
A20: 17 | B20: 45124 | C20: Shopee | D20: [Person_2] Backpack 20L | E20: Navy | F20: 45114 | G20: {=INDEX(Purchase!$B$4:$B$51,MATCH(F20&Sales!D20&Sales!E20,Purchase!$A$4:$A$51&Purchase!$D$4:$D$51&Purchase!$E$4:$E$51,0))} | H20: {=INDEX(Purchase!$G$4:$G$51,MATCH(Sales!D20&Sales!E20&Sales!F20&G20,Purchase!$D$4:$D$51&Purchase!$E$4:$E$51&Purchase!$A$4:$A$51&Purchase!$B$4:$B$51,0))} | I20: 370000 | J20: =I20-H20 | K20: 0 | L20: =J20-K20 | M20: Full Profit | N20: =(I20-H20)/H20 | P20: =COUNTIFS(D$4:D20,D20,E$4:E20,E20) | Q20: =INDEX(Purchase!A$4:A$58,_xlfn.AGGREGATE(15,6,(ROW(Purchase!A$4:A$58)-ROW(Purchase!A$3))/(Purchase!D$4:D$58=D20)/(Purchase!E$4:E$58=E20)/(Purchase!N$4:N$57>=P20),1)) | R20: =Q20=F20
A21: 18 | B21: 45125 | C21: Shopee | D21: [Person_2] Backpack 20L | E21: Khaki | F21: 45114 | G21: {=INDEX(Purchase!$B$4:$B$51,MATCH(F21&Sales!D21&Sales!E21,Purchase!$A$4:$A$51&Purchase!$D$4:$D$51&Purchase!$E$4:$E$51,0))} | H21: {=INDEX(Purchase!$G$4:$G$51,MATCH(Sales!D21&Sales!E21&Sales!F21&G21,Purchase!$D$4:$D$51&Purchase!$E$4:$E$51&Purchase!$A$4:$A$51&Purchase!$B$4:$B$51,0))} | I21: 375000 | J21: =I21-H21 | K21: 0 | L21: =J21-K21 | M21: Full Profit | N21: =(I21-H21)/H21 | P21: =COUNTIFS(D$4:D21,D21,E$4:E21,E21) | Q21: =INDEX(Purchase!A$4:A$58,_xlfn.AGGREGATE(15,6,(ROW(Purchase!A$4:A$58)-ROW(Purchase!A$3))/(Purchase!D$4:D$58=D21)/(Purchase!E$4:E$58=E21)/(Purchase!N$4:N$57>=P21),1)) | R21: =Q21=F21
A22: 19 | B22: 45126 | C22: Shopee | D22: [Person_2] Backpack 20L | E22: Black | F22: 45114 | G22: {=INDEX(Purchase!$B$4:$B$51,MATCH(F22&Sales!D22&Sales!E22,Purchase!$A$4:$A$51&Purchase!$D$4:$D$51&Purchase!$E$4:$E$51,0))} | H22: {=INDEX(Purchase!$G$4:$G$51,MATCH(Sales!D22&Sales!E22&Sales!F22&G22,Purchase!$D$4:$D$51&Purchase!$E$4:$E$51&Purchase!$A$4:$A$51&Purchase!$B$4:$B$51,0))} | I22: 375000 | J22: =I22-H22 | K22: 0 | L22: =J22-K22 | M22: Full Profit | N22: =(I22-H22)/H22 | P22: =COUNTIFS(D$4:D22,D22,E$4:E22,E22) | Q22: =INDEX(Purchase!A$4:A$58,_xlfn.AGGREGATE(15,6,(ROW(Purchase!A$4:A$58)-ROW(Purchase!A$3))/(Purchase!D$4:D$58=D22)/(Purchase!E$4:E$58=E22)/(Purchase!N$4:N$57>=P22),1)) | R22: =Q22=F22
A23: 20 | B23: 45130 | C23: Shopee | D23: [Person_13] 3.0 Laptop 18L Backpack | E23: Black | F23: 45114 | G23: {=INDEX(Purchase!$B$4:$B$51,MATCH(F23&Sales!D23&Sales!E23,Purchase!$A$4:$A$51&Purchase!$D$4:$D$51&Purchase!$E$4:$E$51,0))} | H23: {=INDEX(Purchase!$G$4:$G$51,MATCH(Sales!D23&Sales!E23&Sales!F23&G23,Purchase!$D$4:$D$51&Purchase!$E$4:$E$51&Purchase!$A$4:$A$51&Purchase!$B$4:$B$51,0))} | I23: 412800 | J23: =I23-H23 | K23: 0 | L23: =J23-K23 | M23: Full Profit | N23: =(I23-H23)/H23 | P23: =COUNTIFS(D$4:D23,D23,E$4:E23,E23) | Q23: =INDEX(Purchase!A$4:A$58,_xlfn.AGGREGATE(15,6,(ROW(Purchase!A$4:A$58)-ROW(Purchase!A$3))/(Purchase!D$4:D$58=D23)/(Purchase!E$4:E$58=E23)/(Purchase!N$4:N$57>=P23),1)) | R23: =Q23=F23
A24: 21 | B24: 45139 | C24: Tokopedia | D24: [Person_15] 2.0 Laptop Backpack 20L | E24: Black | F24: 45114 | G24: {=INDEX(Purchase!$B$4:$B$51,MATCH(F24&Sales!D24&Sales!E24,Purchase!$A$4:$A$51&Purchase!$D$4:$D$51&Purchase!$E$4:$E$51,0))} | H24: {=INDEX(Purchase!$G$4:$G$51,MATCH(Sales!D24&Sales!E24&Sales!F24&G24,Purchase!$D$4:$D$51&Purchase!$E$4:$E$51&Purchase!$A$4:$A$51&Purchase!$B$4:$B$51,0))} | I24: =390000-10000-(390000*3.8%) | J24: =I24-H24 | K24: 0 | L24: =J24-K24 | M24: Full Profit | N24: =(I24-H24)/H24 | P24: =COUNTIFS(D$4:D24,D24,E$4:E24,E24) | Q24: =INDEX(Purchase!A$4:A$58,_xlfn.AGGREGATE(15,6,(ROW(Purchase!A$4:A$58)-ROW(Purchase!A$3))/(Purchase!D$4:D$58=D24)/(Purchase!E$4:E$58=E24)/(Purchase!N$4:N$57>=P24),1)) | R24: =Q24=F24
A25: 22 | B25: 45140 | C25: Shopee | D25: [Person_6] 15 Laptop Backpack | E25: Navy | F25: 45114 | G25: {=INDEX(Purchase!$B$4:$B$51,MATCH(F25&Sales!D25&Sales!E25,Purchase!$A$4:$A$51&Purchase!$D$4:$D$51&Purchase!$E$4:$E$51,0))} | H25: {=INDEX(Purchase!$G$4:$G$51,MATCH(Sales!D25&Sales!E25&Sales!F25&G25,Purchase!$D$4:$D$51&Purchase!$E$4:$E$51&Purchase!$A$4:$A$51&Purchase!$B$4:$B$51,0))} | I25: 302400 | J25: =I25-H25 | K25: 0 | L25: =J25-K25 | M25: Full Profit | N25: =(I25-H25)/H25 | P25: =COUNTIFS(D$4:D25,D25,E$4:E25,E25) | Q25: =INDEX(Purchase!A$4:A$58,_xlfn.AGGREGATE(15,6,(ROW(Purchase!A$4:A$58)-ROW(Purchase!A$3))/(Purchase!D$4:D$58=D25)/(Purchase!E$4:E$58=E25)/(Purchase!N$4:N$57>=P25),1)) | R25: =Q25=F25
A26: 23 | B26: 45145 | C26: Tokopedia | D26: [Person_15] 2.0 Laptop Backpack 20L | E26: Black | F26: 45114 | G26: {=INDEX(Purchase!$B$4:$B$51,MATCH(F26&Sales!D26&Sales!E26,Purchase!$A$4:$A$51&Purchase!$D$4:$D$51&Purchase!$E$4:$E$51,0))} | H26: {=INDEX(Purchase!$G$4:$G$51,MATCH(Sales!D26&Sales!E26&Sales!F26&G26,Purchase!$D$4:$D$51&Purchase!$E$4:$E$51&Purchase!$A$4:$A$51&Purchase!$B$4:$B$51,0))} | I26: =390000-(390000*3.8%) | J26: =I26-H26 | K26: 0 | L26: =J26-K26 | M26: Full Profit | N26: =(I26-H26)/H26 | P26: =COUNTIFS(D$4:D26,D26,E$4:E26,E26) | Q26: =INDEX(Purchase!A$4:A$58,_xlfn.AGGREGATE(15,6,(ROW(Purchase!A$4:A$58)-ROW(Purchase!A$3))/(Purchase!D$4:D$58=D26)/(Purchase!E$4:E$58=E26)/(Purchase!N$4:N$57>=P26),1)) | R26: =Q26=F26
A27: 24 | B27: 45150 | C27: Shopee | D27: [Person_9] 20L Woman Backpack | E27: Burgundy | F27: 45146 | G27: {=INDEX(Purchase!$B$4:$B$51,MATCH(F27&Sales!D27&Sales!E27,Purchase!$A$4:$A$51&Purchase!$D$4:$D$51&Purchase!$E$4:$E$51,0))} | H27: {=INDEX(Purchase!$G$4:$G$51,MATCH(Sales!D27&Sales!E27&Sales!F27&G27,Purchase!$D$4:$D$51&Purchase!$E$4:$E$51&Purchase!$A$4:$A$51&Purchase!$B$4:$B$51,0))} | I27: 417600 | J27: =I27-H27 | K27: 0 | L27: =J27-K27 | M27: Full Profit | N27: =(I27-H27)/H27 | P27: =COUNTIFS(D$4:D27,D27,E$4:E27,E27) | Q27: =INDEX(Purchase!A$4:A$58,_xlfn.AGGREGATE(15,6,(ROW(Purchase!A$4:A$58)-ROW(Purchase!A$3))/(Purchase!D$4:D$58=D27)/(Purchase!E$4:E$58=E27)/(Purchase!N$4:N$57>=P27),1)) | R27: =Q27=F27
A28: 25 | B28: 45153 | C28: Tokopedia | D28: Eiger Meridian 30L Laptop Backpack | E28: [Person_17] | F28: 45146 | G28: {=INDEX(Purchase!$B$4:$B$51,MATCH(F28&Sales!D28&Sales!E28,Purchase!$A$4:$A$51&Purchase!$D$4:$D$51&Purchase!$E$4:$E$51,0))} | H28: {=INDEX(Purchase!$G$4:$G$51,MATCH(Sales!D28&Sales!E28&Sales!F28&G28,Purchase!$D$4:$D$51&Purchase!$E$4:$E$51&Purchase!$A$4:$A$51&Purchase!$B$4:$B$51,0))} | I28: =560000-(560000*3.8%)-10000 | J28: =I28-H28 | K28: 0 | L28: =J28-K28 | M28: Full Profit | N28: =(I28-H28)/H28 | P28: =COUNTIFS(D$4:D28,D28,E$4:E28,E28) | Q28: =INDEX(Purchase!A$4:A$58,_xlfn.AGGREGATE(15,6,(ROW(Purchase!A$4:A$58)-ROW(Purchase!A$3))/(Purchase!D$4:D$58=D28)/(Purchase!E$4:E$58=E28)/(Purchase!N$4:N$57>=P28),1)) | R28: =Q28=F28
A29: 26 | B29: 45157 | C29: Shopee | D29: [Person_2] Backpack 20L | E29: Black | F29: 45139 | G29: {=INDEX(Purchase!$B$4:$B$51,MATCH(F29&Sales!D29&Sales!E29,Purchase!$A$4:$A$51&Purchase!$D$4:$D$51&Purchase!$E$4:$E$51,0))} | H29: {=INDEX(Purchase!$G$4:$G$51,MATCH(Sales!D29&Sales!E29&Sales!F29&G29,Purchase!$D$4:$D$51&Purchase!$E$4:$E$51&Purchase!$A$4:$A$51&Purchase!$B$4:$B$51,0))} | I29: 350400 | J29: =I29-H29 | K29: 0 | L29: =J29-K29 | M29: Full Profit | N29: =(I29-H29)/H29 | P29: =COUNTIFS(D$4:D29,D29,E$4:E29,E29) | Q29: =INDEX(Purchase!A$4:A$58,_xlfn.AGGREGATE(15,6,(ROW(Purchase!A$4:A$58)-ROW(Purchase!A$3))/(Purchase!D$4:D$58=D29)/(Purchase!E$4:E$58=E29)/(Purchase!N$4:N$57>=P29),1)) | R29: =Q29=F29
A30: 27 | B30: 45158 | C30: Tokopedia | D30: Eiger Meridian 30L Laptop Backpack | E30: Black | F30: 45114 | G30: {=INDEX(Purchase!$B$4:$B$51,MATCH(F30&Sales!D30&Sales!E30,Purchase!$A$4:$A$51&Purchase!$D$4:$D$51&Purchase!$E$4:$E$51,0))} | H30: {=INDEX(Purchase!$G$4:$G$51,MATCH(Sales!D30&Sales!E30&Sales!F30&G30,Purchase!$D$4:$D$51&Purchase!$E$4:$E$51&Purchase!$A$4:$A$51&Purchase!$B$4:$B$51,0))} | I30: =560000-(3.8%*560000)-9000 | J30: =I30-H30 | K30: 0 | L30: =J30-K30 | M30: Full Profit | N30: =(I30-H30)/H30 | P30: =COUNTIFS(D$4:D30,D30,E$4:E30,E30) | Q30: =INDEX(Purchase!A$4:A$58,_xlfn.AGGREGATE(15,6,(ROW(Purchase!A$4:A$58)-ROW(Purchase!A$3))/(Purchase!D$4:D$58=D30)/(Purchase!E$4:E$58=E30)/(Purchase!N$4:N$57>=P30),1)) | R30: =Q30=F30
A31: 28 | B31: 45158 | C31: Shopee | D31: [Person_16] Termina 2.0 Backpack | E31: Black | F31: 45136 | G31: {=INDEX(Purchase!$B$4:$B$51,MATCH(F31&Sales!D31&Sales!E31,Purchase!$A$4:$A$51&Purchase!$D$4:$D$51&Purchase!$E$4:$E$51,0))} | H31: {=INDEX(Purchase!$G$4:$G$51,MATCH(Sales!D31&Sales!E31&Sales!F31&G31,Purchase!$D$4:$D$51&Purchase!$E$4:$E$51&Purchase!$A$4:$A$51&Purchase!$B$4:$B$51,0))} | I31: 393600 | J31: =I31-H31 | K31: 0 | L31: =J31-K31 | M31: Full Profit | N31: =(I31-H31)/H31 | P31: =COUNTIFS(D$4:D31,D31,E$4:E31,E31) | Q31: =INDEX(Purchase!A$4:A$58,_xlfn.AGGREGATE(15,6,(ROW(Purchase!A$4:A$58)-ROW(Purchase!A$3))/(Purchase!D$4:D$58=D31)/(Purchase!E$4:E$58=E31)/(Purchase!N$4:N$57>=P31),1)) | R31: =Q31=F31
A32: 29 | B32: 45158 | C32: Shopee | D32: [Person_12] | E32: Olive | F32: 45115 | G32: {=INDEX(Purchase!$B$4:$B$51,MATCH(F32&Sales!D32&Sales!E32,Purchase!$A$4:$A$51&Purchase!$D$4:$D$51&Purchase!$E$4:$E$51,0))} | H32: {=INDEX(Purchase!$G$4:$G$51,MATCH(Sales!D32&Sales!E32&Sales!F32&G32,Purchase!$D$4:$D$51&Purchase!$E$4:$E$51&Purchase!$A$4:$A$51&Purchase!$B$4:$B$51,0))} | I32: 307200 | J32: =I32-H32 | K32: 0 | L32: =J32-K32 | M32: Full Profit | N32: =(I32-H32)/H32 | P32: =COUNTIFS(D$4:D32,D32,E$4:E32,E32) | Q32: =INDEX(Purchase!A$4:A$58,_xlfn.AGGREGATE(15,6,(ROW(Purchase!A$4:A$58)-ROW(Purchase!A$3))/(Purchase!D$4:D$58=D32)/(Purchase!E$4:E$58=E32)/(Purchase!N$4:N$57>=P32),1)) | R32: =Q32=F32
A33: 30 | B33: 45162 | C33: Tokopedia | D33: Eiger Meridian 30L Laptop Backpack | E33: Black | F33: 45114 | G33: {=INDEX(Purchase!$B$4:$B$51,MATCH(F33&Sales!D33&Sales!E33,Purchase!$A$4:$A$51&Purchase!$D$4:$D$51&Purchase!$E$4:$E$51,0))} | H33: {=INDEX(Purchase!$G$4:$G$51,MATCH(Sales!D33&Sales!E33&Sales!F33&G33,Purchase!$D$4:$D$51&Purchase!$E$4:$E$51&Purchase!$A$4:$A$51&Purchase!$B$4:$B$51,0))} | I33: =560000-(3.8%*560000)-9000 | J33: =I33-H33 | K33: 0 | L33: =J33-K33 | M33: Full Profit | N33: =(I33-H33)/H33 | P33: =COUNTIFS(D$4:D33,D33,E$4:E33,E33) | Q33: =INDEX(Purchase!A$4:A$58,_xlfn.AGGREGATE(15,6,(ROW(Purchase!A$4:A$58)-ROW(Purchase!A$3))/(Purchase!D$4:D$58=D33)/(Purchase!E$4:E$58=E33)/(Purchase!N$4:N$57>=P33),1)) | R33: =Q33=F33
A34: 31 | B34: 45162 | C34: Shopee | D34: [Person_16] Termina 2.0 Backpack | E34: Black | F34: 45136 | G34: {=INDEX(Purchase!$B$4:$B$51,MATCH(F34&Sales!D34&Sales!E34,Purchase!$A$4:$A$51&Purchase!$D$4:$D$51&Purchase!$E$4:$E$51,0))} | H34: {=INDEX(Purchase!$G$4:$G$51,MATCH(Sales!D34&Sales!E34&Sales!F34&G34,Purchase!$D$4:$D$51&Purchase!$E$4:$E$51&Purchase!$A$4:$A$51&Purchase!$B$4:$B$51,0))} | I34: 0 | J34: =I34-H34 | K34: 0 | L34: =J34-K34 | M34: Full Profit | N34: =(I34-H34)/H34 | O34: dikasih erwin | P34: =COUNTIFS(D$4:D34,D34,E$4:E34,E34) | Q34: =INDEX(Purchase!A$4:A$58,_xlfn.AGGREGATE(15,6,(ROW(Purchase!A$4:A$58)-ROW(Purchase!A$3))/(Purchase!D$4:D$58=D34)/(Purchase!E$4:E$58=E34)/(Purchase!N$4:N$57>=P34),1)) | R34: =Q34=F34
A35: 32 | B35: 45166 | C35: Tokopedia | D35: Eiger Meridian 30L Laptop Backpack | E35: [Person_17] | F35: 45146 | G35: {=INDEX(Purchase!$B$4:$B$51,MATCH(F35&Sales!D35&Sales!E35,Purchase!$A$4:$A$51&Purchase!$D$4:$D$51&Purchase!$E$4:$E$51,0))} | H35: {=INDEX(Purchase!$G$4:$G$51,MATCH(Sales!D35&Sales!E35&Sales!F35&G35,Purchase!$D$4:$D$51&Purchase!$E$4:$E$51&Purchase!$A$4:$A$51&Purchase!$B$4:$B$51,0))} | I35: =560000-(560000*3.8%) | J35: =I35-H35 | K35: 0 | L35: =J35-K35 | M35: Full Profit | N35: =(I35-H35)/H35 | P35: =COUNTIFS(D$4:D35,D35,E$4:E35,E35) | Q35: =INDEX(Purchase!A$4:A$58,_xlfn.AGGREGATE(15,6,(ROW(Purchase!A$4:A$58)-ROW(Purchase!A$3))/(Purchase!D$4:D$58=D35)/(Purchase!E$4:E$58=E35)/(Purchase!N$4:N$57>=P35),1)) | R35: =Q35=F35
A36: 33 | B36: 45167 | C36: Tokopedia | D36: [Person_9] 20L Woman Backpack | E36: Burgundy | F36: 45146 | G36: {=INDEX(Purchase!$B$4:$B$51,MATCH(F36&Sales!D36&Sales!E36,Purchase!$A$4:$A$51&Purchase!$D$4:$D$51&Purchase!$E$4:$E$51,0))} | H36: {=INDEX(Purchase!$G$4:$G$51,MATCH(Sales!D36&Sales!E36&Sales!F36&G36,Purchase!$D$4:$D$51&Purchase!$E$4:$E$51&Purchase!$A$4:$A$51&Purchase!$B$4:$B$51,0))} | I36: =450000-(450000*4.5%)-10000 | J36: =I36-H36 | K36: 0 | L36: =J36-K36 | M36: Full Profit | N36: =(I36-H36)/H36 | P36: =COUNTIFS(D$4:D36,D36,E$4:E36,E36) | Q36: =INDEX(Purchase!A$4:A$58,_xlfn.AGGREGATE(15,6,(ROW(Purchase!A$4:A$58)-ROW(Purchase!A$3))/(Purchase!D$4:D$58=D36)/(Purchase!E$4:E$58=E36)/(Purchase!N$4:N$57>=P36),1)) | R36: =Q36=F36
A37: 34 | B37: 45175 | C37: Shopee | D37: Eiger Starter Daypack 16L | E37: Blue | F37: 45109 | G37: {=INDEX(Purchase!$B$4:$B$51,MATCH(F37&Sales!D37&Sales!E37,Purchase!$A$4:$A$51&Purchase!$D$4:$D$51&Purchase!$E$4:$E$51,0))} | H37: {=INDEX(Purchase!$G$4:$G$51,MATCH(Sales!D37&Sales!E37&Sales!F37&G37,Purchase!$D$4:$D$51&Purchase!$E$4:$E$51&Purchase!$A$4:$A$51&Purchase!$B$4:$B$51,0))} | I37: 297600 | J37: =I37-H37 | K37: 0 | L37: =J37-K37 | M37: Full Profit | N37: =(I37-H37)/H37 | P37: =COUNTIFS(D$4:D37,D37,E$4:E37,E37) | Q37: =INDEX(Purchase!A$4:A$58,_xlfn.AGGREGATE(15,6,(ROW(Purchase!A$4:A$58)-ROW(Purchase!A$3))/(Purchase!D$4:D$58=D37)/(Purchase!E$4:E$58=E37)/(Purchase!N$4:N$57>=P37),1)) | R37: =Q37=F37
A38: 35 | B38: 45178 | C38: Shopee | D38: [Person_2] Backpack 20L | E38: Navy | F38: 45146 | G38: {=INDEX(Purchase!$B$4:$B$51,MATCH(F38&Sales!D38&Sales!E38,Purchase!$A$4:$A$51&Purchase!$D$4:$D$51&Purchase!$E$4:$E$51,0))} | H38: {=INDEX(Purchase!$G$4:$G$51,MATCH(Sales!D38&Sales!E38&Sales!F38&G38,Purchase!$D$4:$D$51&Purchase!$E$4:$E$51&Purchase!$A$4:$A$51&Purchase!$B$4:$B$51,0))} | I38: 355200 | J38: =I38-H38 | K38: 0 | L38: =J38-K38 | M38: Full Profit | N38: =(I38-H38)/H38 | P38: =COUNTIFS(D$4:D38,D38,E$4:E38,E38) | Q38: =INDEX(Purchase!A$4:A$58,_xlfn.AGGREGATE(15,6,(ROW(Purchase!A$4:A$58)-ROW(Purchase!A$3))/(Purchase!D$4:D$58=D38)/(Purchase!E$4:E$58=E38)/(Purchase!N$4:N$57>=P38),1)) | R38: =Q38=F38
A39: 36 | B39: 45178 | C39: Shopee | D39: [Person_12] | E39: Olive | F39: 45172 | G39: {=INDEX(Purchase!$B$4:$B$51,MATCH(F39&Sales!D39&Sales!E39,Purchase!$A$4:$A$51&Purchase!$D$4:$D$51&Purchase!$E$4:$E$51,0))} | H39: {=INDEX(Purchase!$G$4:$G$51,MATCH(Sales!D39&Sales!E39&Sales!F39&G39,Purchase!$D$4:$D$51&Purchase!$E$4:$E$51&Purchase!$A$4:$A$51&Purchase!$B$4:$B$51,0))} | I39: 316800 | J39: =I39-H39 | K39: 0 | L39: =J39-K39 | M39: Full Profit | N39: =(I39-H39)/H39 | P39: =COUNTIFS(D$4:D39,D39,E$4:E39,E39) | Q39: =INDEX(Purchase!A$4:A$58,_xlfn.AGGREGATE(15,6,(ROW(Purchase!A$4:A$58)-ROW(Purchase!A$3))/(Purchase!D$4:D$58=D39)/(Purchase!E$4:E$58=E39)/(Purchase!N$4:N$57>=P39),1)) | R39: =Q39=F39
A40: 37 | B40: 45179 | C40: Tokopedia | D40: Eiger Forlough 20 Laptop Backpack | E40: Black | F40: 45178 | G40: {=INDEX(Purchase!$B$4:$B$51,MATCH(F40&Sales!D40&Sales!E40,Purchase!$A$4:$A$51&Purchase!$D$4:$D$51&Purchase!$E$4:$E$51,0))} | H40: {=INDEX(Purchase!$G$4:$G$51,MATCH(Sales!D40&Sales!E40&Sales!F40&G40,Purchase!$D$4:$D$51&Purchase!$E$4:$E$51&Purchase!$A$4:$A$51&Purchase!$B$4:$B$51,0))} | I40: =450000-(3.8%*450000)-10000 | J40: =I40-H40 | K40: 0 | L40: =J40-K40 | M40: Full Profit | N40: =(I40-H40)/H40 | P40: =COUNTIFS(D$4:D40,D40,E$4:E40,E40) | Q40: =INDEX(Purchase!A$4:A$58,_xlfn.AGGREGATE(15,6,(ROW(Purchase!A$4:A$58)-ROW(Purchase!A$3))/(Purchase!D$4:D$58=D40)/(Purchase!E$4:E$58=E40)/(Purchase!N$4:N$57>=P40),1)) | R40: =Q40=F40
A41: 38 | B41: 45182 | C41: Tokopedia | D41: Eiger Meridian 30L Laptop Backpack | E41: [Person_17] | F41: 45147 | G41: {=INDEX(Purchase!$B$4:$B$51,MATCH(F41&Sales!D41&Sales!E41,Purchase!$A$4:$A$51&Purchase!$D$4:$D$51&Purchase!$E$4:$E$51,0))} | H41: {=INDEX(Purchase!$G$4:$G$51,MATCH(Sales!D41&Sales!E41&Sales!F41&G41,Purchase!$D$4:$D$51&Purchase!$E$4:$E$51&Purchase!$A$4:$A$51&Purchase!$B$4:$B$51,0))} | I41: =560000-(560000*3.8%)-10000 | J41: =I41-H41 | K41: 0 | L41: =J41-K41 | M41: Full Profit | N41: =(I41-H41)/H41 | P41: =COUNTIFS(D$4:D41,D41,E$4:E41,E41) | Q41: =INDEX(Purchase!A$4:A$58,_xlfn.AGGREGATE(15,6,(ROW(Purchase!A$4:A$58)-ROW(Purchase!A$3))/(Purchase!D$4:D$58=D41)/(Purchase!E$4:E$58=E41)/(Purchase!N$4:N$57>=P41),1)) | R41: =Q41=F41
A42: 39 | B42: 45183 | C42: Shopee | D42: Eiger Starter Daypack 16L | E42: Blue | F42: 45109 | G42: {=INDEX(Purchase!$B$4:$B$51,MATCH(F42&Sales!D42&Sales!E42,Purchase!$A$4:$A$51&Purchase!$D$4:$D$51&Purchase!$E$4:$E$51,0))} | H42: {=INDEX(Purchase!$G$4:$G$51,MATCH(Sales!D42&Sales!E42&Sales!F42&G42,Purchase!$D$4:$D$51&Purchase!$E$4:$E$51&Purchase!$A$4:$A$51&Purchase!$B$4:$B$51,0))} | I42: 283200 | J42: =I42-H42 | K42: 0 | L42: =J42-K42 | M42: Full Profit | N42: =(I42-H42)/H42 | P42: =COUNTIFS(D$4:D42,D42,E$4:E42,E42) | Q42: =INDEX(Purchase!A$4:A$58,_xlfn.AGGREGATE(15,6,(ROW(Purchase!A$4:A$58)-ROW(Purchase!A$3))/(Purchase!D$4:D$58=D42)/(Purchase!E$4:E$58=E42)/(Purchase!N$4:N$57>=P42),1)) | R42: =Q42=F42
A43: 40 | B43: 45188 | C43: Tokopedia | D43: [Person_10] 20L Laptop Backpack | E43: Navy | F43: 45178 | G43: {=INDEX(Purchase!$B$4:$B$51,MATCH(F43&Sales!D43&Sales!E43,Purchase!$A$4:$A$51&Purchase!$D$4:$D$51&Purchase!$E$4:$E$51,0))} | H43: {=INDEX(Purchase!$G$4:$G$51,MATCH(Sales!D43&Sales!E43&Sales!F43&G43,Purchase!$D$4:$D$51&Purchase!$E$4:$E$51&Purchase!$A$4:$A$51&Purchase!$B$4:$B$51,0))} | I43: =450000-(4.5%*450000)-10000 | J43: =I43-H43 | K43: 0 | L43: =J43-K43 | M43: Full Profit | N43: =(I43-H43)/H43 | P43: =COUNTIFS(D$4:D43,D43,E$4:E43,E43) | Q43: =INDEX(Purchase!A$4:A$58,_xlfn.AGGREGATE(15,6,(ROW(Purchase!A$4:A$58)-ROW(Purchase!A$3))/(Purchase!D$4:D$58=D43)/(Purchase!E$4:E$58=E43)/(Purchase!N$4:N$57>=P43),1)) | R43: =Q43=F43
A44: 41 | B44: 45189 | C44: Tokopedia | D44: Eiger Meridian 30L Laptop Backpack | E44: Black | F44: 45114 | G44: {=INDEX(Purchase!$B$4:$B$51,MATCH(F44&Sales!D44&Sales!E44,Purchase!$A$4:$A$51&Purchase!$D$4:$D$51&Purchase!$E$4:$E$51,0))} | H44: {=INDEX(Purchase!$G$4:$G$51,MATCH(Sales!D44&Sales!E44&Sales!F44&G44,Purchase!$D$4:$D$51&Purchase!$E$4:$E$51&Purchase!$A$4:$A$51&Purchase!$B$4:$B$51,0))} | I44: =560000-(3.8%*560000)-9000 | J44: =I44-H44 | K44: 0 | L44: =J44-K44 | M44: Full Profit | N44: =(I44-H44)/H44 | P44: =COUNTIFS(D$4:D44,D44,E$4:E44,E44) | Q44: =INDEX(Purchase!A$4:A$58,_xlfn.AGGREGATE(15,6,(ROW(Purchase!A$4:A$58)-ROW(Purchase!A$3))/(Purchase!D$4:D$58=D44)/(Purchase!E$4:E$58=E44)/(Purchase!N$4:N$57>=P44),1)) | R44: =Q44=F44
A45: 42 | B45: 45196 | C45: Shopee | D45: [Person_2] Backpack 20L | E45: Black | F45: 45139 | G45: {=INDEX(Purchase!$B$4:$B$51,MATCH(F45&Sales!D45&Sales!E45,Purchase!$A$4:$A$51&Purchase!$D$4:$D$51&Purchase!$E$4:$E$51,0))} | H45: {=INDEX(Purchase!$G$4:$G$51,MATCH(Sales!D45&Sales!E45&Sales!F45&G45,Purchase!$D$4:$D$51&Purchase!$E$4:$E$51&Purchase!$A$4:$A$51&Purchase!$B$4:$B$51,0))} | I45: 355200 | J45: =I45-H45 | K45: 0 | L45: =J45-K45 | M45: Full Profit | N45: =(I45-H45)/H45 | P45: =COUNTIFS(D$4:D45,D45,E$4:E45,E45) | Q45: =INDEX(Purchase!A$4:A$58,_xlfn.AGGREGATE(15,6,(ROW(Purchase!A$4:A$58)-ROW(Purchase!A$3))/(Purchase!D$4:D$58=D45)/(Purchase!E$4:E$58=E45)/(Purchase!N$4:N$57>=P45),1)) | R45: =Q45=F45
A46: 43 | B46: 45196 | C46: Tokopedia | D46: [Person_9] 20L Woman Backpack | E46: [Person_8] | F46: 45146 | G46: {=INDEX(Purchase!$B$4:$B$51,MATCH(F46&Sales!D46&Sales!E46,Purchase!$A$4:$A$51&Purchase!$D$4:$D$51&Purchase!$E$4:$E$51,0))} | H46: {=INDEX(Purchase!$G$4:$G$51,MATCH(Sales!D46&Sales!E46&Sales!F46&G46,Purchase!$D$4:$D$51&Purchase!$E$4:$E$51&Purchase!$A$4:$A$51&Purchase!$B$4:$B$51,0))} | I46: =450000-(4.5%*450000)-10000 | J46: =I46-H46 | K46: 0 | L46: =J46-K46 | M46: Full Profit | N46: =(I46-H46)/H46 | P46: =COUNTIFS(D$4:D46,D46,E$4:E46,E46) | Q46: =INDEX(Purchase!A$4:A$58,_xlfn.AGGREGATE(15,6,(ROW(Purchase!A$4:A$58)-ROW(Purchase!A$3))/(Purchase!D$4:D$58=D46)/(Purchase!E$4:E$58=E46)/(Purchase!N$4:N$57>=P46),1)) | R46: =Q46=F46
A47: 44 | B47: 45196 | C47: Tokopedia | D47: [Person_2] Backpack 20L | E47: Black | F47: 45139 | G47: {=INDEX(Purchase!$B$4:$B$51,MATCH(F47&Sales!D47&Sales!E47,Purchase!$A$4:$A$51&Purchase!$D$4:$D$51&Purchase!$E$4:$E$51,0))} | H47: {=INDEX(Purchase!$G$4:$G$51,MATCH(Sales!D47&Sales!E47&Sales!F47&G47,Purchase!$D$4:$D$51&Purchase!$E$4:$E$51&Purchase!$A$4:$A$51&Purchase!$B$4:$B$51,0))} | I47: =370000-(4.5%*370000)-10000 | J47: =I47-H47 | K47: 0 | L47: =J47-K47 | M47: Full Profit | N47: =(I47-H47)/H47 | P47: =COUNTIFS(D$4:D47,D47,E$4:E47,E47) | Q47: =INDEX(Purchase!A$4:A$58,_xlfn.AGGREGATE(15,6,(ROW(Purchase!A$4:A$58)-ROW(Purchase!A$3))/(Purchase!D$4:D$58=D47)/(Purchase!E$4:E$58=E47)/(Purchase!N$4:N$57>=P47),1)) | R47: =Q47=F47
A48: 45 | B48: 45197 | C48: Tokopedia | D48: [Person_15] 2.0 Laptop Backpack 20L | E48: Black | F48: 45114 | G48: {=INDEX(Purchase!$B$4:$B$51,MATCH(F48&Sales!D48&Sales!E48,Purchase!$A$4:$A$51&Purchase!$D$4:$D$51&Purchase!$E$4:$E$51,0))} | H48: {=INDEX(Purchase!$G$4:$G$51,MATCH(Sales!D48&Sales!E48&Sales!F48&G48,Purchase!$D$4:$D$51&Purchase!$E$4:$E$51&Purchase!$A$4:$A$51&Purchase!$B$4:$B$51,0))} | I48: =395000-(3.8%*395000)-10000 | J48: =I48-H48 | K48: 0 | L48: =J48-K48 | M48: Full Profit | N48: =(I48-H48)/H48 | P48: =COUNTIFS(D$4:D48,D48,E$4:E48,E48) | Q48: =INDEX(Purchase!A$4:A$58,_xlfn.AGGREGATE(15,6,(ROW(Purchase!A$4:A$58)-ROW(Purchase!A$3))/(Purchase!D$4:D$58=D48)/(Purchase!E$4:E$58=E48)/(Purchase!N$4:N$57>=P48),1)) | R48: =Q48=F48
A49: 46 | B49: 45198 | C49: Tokopedia | D49: [Person_12] | E49: Olive | F49: 45178 | G49: {=INDEX(Purchase!$B$4:$B$51,MATCH(F49&Sales!D49&Sales!E49,Purchase!$A$4:$A$51&Purchase!$D$4:$D$51&Purchase!$E$4:$E$51,0))} | H49: {=INDEX(Purchase!$G$4:$G$51,MATCH(Sales!D49&Sales!E49&Sales!F49&G49,Purchase!$D$4:$D$51&Purchase!$E$4:$E$51&Purchase!$A$4:$A$51&Purchase!$B$4:$B$51,0))} | I49: =330000-(4.5%*330000)-10000 | J49: =I49-H49 | K49: 0 | L49: =J49-K49 | M49: Full Profit | N49: =(I49-H49)/H49 | P49: =COUNTIFS(D$4:D49,D49,E$4:E49,E49) | Q49: =INDEX(Purchase!A$4:A$58,_xlfn.AGGREGATE(15,6,(ROW(Purchase!A$4:A$58)-ROW(Purchase!A$3))/(Purchase!D$4:D$58=D49)/(Purchase!E$4:E$58=E49)/(Purchase!N$4:N$57>=P49),1)) | R49: =Q49=F49
A50: 47 | B50: 45199 | C50: Shopee | D50: [Person_6] 15 Laptop Backpack | E50: Navy | F50: 45114 | G50: {=INDEX(Purchase!$B$4:$B$51,MATCH(F50&Sales!D50&Sales!E50,Purchase!$A$4:$A$51&Purchase!$D$4:$D$51&Purchase!$E$4:$E$51,0))} | H50: {=INDEX(Purchase!$G$4:$G$51,MATCH(Sales!D50&Sales!E50&Sales!F50&G50,Purchase!$D$4:$D$51&Purchase!$E$4:$E$51&Purchase!$A$4:$A$51&Purchase!$B$4:$B$51,0))} | I50: 297600 | J50: =I50-H50 | K50: 0 | L50: =J50-K50 | M50: Full Profit | N50: =(I50-H50)/H50 | P50: =COUNTIFS(D$4:D50,D50,E$4:E50,E50) | Q50: =INDEX(Purchase!A$4:A$58,_xlfn.AGGREGATE(15,6,(ROW(Purchase!A$4:A$58)-ROW(Purchase!A$3))/(Purchase!D$4:D$58=D50)/(Purchase!E$4:E$58=E50)/(Purchase!N$4:N$57>=P50),1)) | R50: =Q50=F50
A51: 48 | B51: 45202 | C51: Shopee | D51: Eiger Meridian 30L Laptop Backpack | E51: Black | F51: 45114 | G51: {=INDEX(Purchase!$B$4:$B$51,MATCH(F51&Sales!D51&Sales!E51,Purchase!$A$4:$A$51&Purchase!$D$4:$D$51&Purchase!$E$4:$E$51,0))} | H51: {=INDEX(Purchase!$G$4:$G$51,MATCH(Sales!D51&Sales!E51&Sales!F51&G51,Purchase!$D$4:$D$51&Purchase!$E$4:$E$51&Purchase!$A$4:$A$51&Purchase!$B$4:$B$51,0))} | I51: 523200 | J51: =I51-H51 | K51: 0 | L51: =J51-K51 | M51: Full Profit | N51: =(I51-H51)/H51 | P51: =COUNTIFS(D$4:D51,D51,E$4:E51,E51) | Q51: =INDEX(Purchase!A$4:A$58,_xlfn.AGGREGATE(15,6,(ROW(Purchase!A$4:A$58)-ROW(Purchase!A$3))/(Purchase!D$4:D$58=D51)/(Purchase!E$4:E$58=E51)/(Purchase!N$4:N$57>=P51),1)) | R51: =Q51=F51
A52: 49 | B52: 45202 | C52: Shopee | D52: [Person_5] Pack 20L Backpack | E52: Green | F52: 45114 | G52: {=INDEX(Purchase!$B$4:$B$51,MATCH(F52&Sales!D52&Sales!E52,Purchase!$A$4:$A$51&Purchase!$D$4:$D$51&Purchase!$E$4:$E$51,0))} | H52: {=INDEX(Purchase!$G$4:$G$51,MATCH(Sales!D52&Sales!E52&Sales!F52&G52,Purchase!$D$4:$D$51&Purchase!$E$4:$E$51&Purchase!$A$4:$A$51&Purchase!$B$4:$B$51,0))} | I52: 340800 | J52: =I52-H52 | K52: 0 | L52: =J52-K52 | M52: Full Profit | N52: =(I52-H52)/H52 | P52: =COUNTIFS(D$4:D52,D52,E$4:E52,E52) | Q52: =INDEX(Purchase!A$4:A$58,_xlfn.AGGREGATE(15,6,(ROW(Purchase!A$4:A$58)-ROW(Purchase!A$3))/(Purchase!D$4:D$58=D52)/(Purchase!E$4:E$58=E52)/(Purchase!N$4:N$57>=P52),1)) | R52: =Q52=F52
A53: 50 | B53: 45204 | C53: Lazada | D53: [Person_12] | E53: Navy | F53: 45114 | G53: {=INDEX(Purchase!$B$4:$B$51,MATCH(F53&Sales!D53&Sales!E53,Purchase!$A$4:$A$51&Purchase!$D$4:$D$51&Purchase!$E$4:$E$51,0))} | H53: {=INDEX(Purchase!$G$4:$G$51,MATCH(Sales!D53&Sales!E53&Sales!F53&G53,Purchase!$D$4:$D$51&Purchase!$E$4:$E$51&Purchase!$A$4:$A$51&Purchase!$B$4:$B$51,0))} | I53: =336000-(4.5%*336000)-10000 | J53: =I53-H53 | K53: 0 | L53: =J53-K53 | M53: Full Profit | N53: =(I53-H53)/H53 | P53: =COUNTIFS(D$4:D53,D53,E$4:E53,E53) | Q53: =INDEX(Purchase!A$4:A$58,_xlfn.AGGREGATE(15,6,(ROW(Purchase!A$4:A$58)-ROW(Purchase!A$3))/(Purchase!D$4:D$58=D53)/(Purchase!E$4:E$58=E53)/(Purchase!N$4:N$57>=P53),1)) | R53: =Q53=F53
A54: 51 | B54: 45205 | C54: Shopee | D54: [Person_11] 25L | E54: Black | F54: 45178 | G54: {=INDEX(Purchase!$B$4:$B$51,MATCH(F54&Sales!D54&Sales!E54,Purchase!$A$4:$A$51&Purchase!$D$4:$D$51&Purchase!$E$4:$E$51,0))} | H54: {=INDEX(Purchase!$G$4:$G$51,MATCH(Sales!D54&Sales!E54&Sales!F54&G54,Purchase!$D$4:$D$51&Purchase!$E$4:$E$51&Purchase!$A$4:$A$51&Purchase!$B$4:$B$51,0))} | I54: =485000-(3.8%*485000)-10000 | J54: =I54-H54 | K54: 0 | L54: =J54-K54 | M54: Full Profit | N54: =(I54-H54)/H54 | P54: =COUNTIFS(D$4:D54,D54,E$4:E54,E54) | Q54: =INDEX(Purchase!A$4:A$58,_xlfn.AGGREGATE(15,6,(ROW(Purchase!A$4:A$58)-ROW(Purchase!A$3))/(Purchase!D$4:D$58=D54)/(Purchase!E$4:E$58=E54)/(Purchase!N$4:N$57>=P54),1)) | R54: =Q54=F54
A55: 52 | B55: 45207 | C55: Shopee | D55: [Person_5] Pack 20L Backpack | E55: Green | F55: 45114 | G55: {=INDEX(Purchase!$B$4:$B$51,MATCH(F55&Sales!D55&Sales!E55,Purchase!$A$4:$A$51&Purchase!$D$4:$D$51&Purchase!$E$4:$E$51,0))} | H55: {=INDEX(Purchase!$G$4:$G$51,MATCH(Sales!D55&Sales!E55&Sales!F55&G55,Purchase!$D$4:$D$51&Purchase!$E$4:$E$51&Purchase!$A$4:$A$51&Purchase!$B$4:$B$51,0))} | I55: 345600 | J55: =I55-H55 | K55: 0 | L55: =J55-K55 | M55: Full Profit | N55: =(I55-H55)/H55 | P55: =COUNTIFS(D$4:D55,D55,E$4:E55,E55) | Q55: =INDEX(Purchase!A$4:A$58,_xlfn.AGGREGATE(15,6,(ROW(Purchase!A$4:A$58)-ROW(Purchase!A$3))/(Purchase!D$4:D$58=D55)/(Purchase!E$4:E$58=E55)/(Purchase!N$4:N$57>=P55),1)) | R55: =Q55=F55
A56: 53 | B56: 45208 | C56: Tokopedia | D56: [Person_11] 25L | E56: Khaki | F56: 45194 | G56: {=INDEX(Purchase!$B$4:$B$51,MATCH(F56&Sales!D56&Sales!E56,Purchase!$A$4:$A$51&Purchase!$D$4:$D$51&Purchase!$E$4:$E$51,0))} | H56: {=INDEX(Purchase!$G$4:$G$51,MATCH(Sales!D56&Sales!E56&Sales!F56&G56,Purchase!$D$4:$D$51&Purchase!$E$4:$E$51&Purchase!$A$4:$A$51&Purchase!$B$4:$B$51,0))} | I56: =485000-(4.5%*485000)-10000 | J56: =I56-H56 | K56: 0 | L56: =J56-K56 | M56: Full Profit | N56: =(I56-H56)/H56 | P56: =COUNTIFS(D$4:D56,D56,E$4:E56,E56) | Q56: =INDEX(Purchase!A$4:A$58,_xlfn.AGGREGATE(15,6,(ROW(Purchase!A$4:A$58)-ROW(Purchase!A$3))/(Purchase!D$4:D$58=D56)/(Purchase!E$4:E$58=E56)/(Purchase!N$4:N$57>=P56),1)) | R56: =Q56=F56
A57: 54 | B57: 45209 | C57: Tokopedia | D57: [Person_9] 20L Woman Backpack | E57: [Person_8] | F57: 45146 | G57: Shopee | H57: {=INDEX(Purchase!$G$4:$G$51,MATCH(Sales!D57&Sales!E57&Sales!F57&G57,Purchase!$D$4:$D$51&Purchase!$E$4:$E$51&Purchase!$A$4:$A$51&Purchase!$B$4:$B$51,0))} | I57: =460000-20700 | J57: =I57-H57 | K57: 0 | L57: =J57-K57 | M57: Full Profit | N57: =(I57-H57)/H57 | P57: =COUNTIFS(D$4:D57,D57,E$4:E57,E57) | Q57: =INDEX(Purchase!A$4:A$58,_xlfn.AGGREGATE(15,6,(ROW(Purchase!A$4:A$58)-ROW(Purchase!A$3))/(Purchase!D$4:D$58=D57)/(Purchase!E$4:E$58=E57)/(Purchase!N$4:N$57>=P57),1)) | R57: =Q57=F57
A58: 55 | B58: 45216 | C58: Tokopedia | D58: [Person_11] 25L | E58: Khaki | F58: 45194 | G58: {=INDEX(Purchase!$B$4:$B$51,MATCH(F58&Sales!D58&Sales!E58,Purchase!$A$4:$A$51&Purchase!$D$4:$D$51&Purchase!$E$4:$E$51,0))} | H58: {=INDEX(Purchase!$G$4:$G$51,MATCH(Sales!D58&Sales!E58&Sales!F58&G58,Purchase!$D$4:$D$51&Purchase!$E$4:$E$51&Purchase!$A$4:$A$51&Purchase!$B$4:$B$51,0))} | I58: =500000-(4.5%*500000)-10000 | J58: =I58-H58 | K58: 0 | L58: =J58-K58 | M58: Full Profit | N58: =(I58-H58)/H58 | P58: =COUNTIFS(D$4:D58,D58,E$4:E58,E58) | Q58: =INDEX(Purchase!A$4:A$58,_xlfn.AGGREGATE(15,6,(ROW(Purchase!A$4:A$58)-ROW(Purchase!A$3))/(Purchase!D$4:D$58=D58)/(Purchase!E$4:E$58=E58)/(Purchase!N$4:N$57>=P58),1)) | R58: =Q58=F58

Sheet Stock
A1: Stock
A3: No | B3: Items | C3: Color | D3: Quantity | E3: Sold | F3: Balance
A4: 1 | B4: Eiger Starter Daypack 16L | C4: Blue | D4: =SUMIFS(Purchase!$C$4:$C$60,Purchase!$D$4:$D$60,Stock!B4,Purchase!$E$4:$E$60,Stock!C4) | E4: =COUNTIFS(Sales!$D$4:$D$60,Stock!B4,Sales!E$4:E$60,Stock!C4) | F4: =D4-E4
A5: 2 | B5: Eiger Starter Daypack 16L | C5: Olive | D5: =SUMIFS(Purchase!$C$4:$C$60,Purchase!$D$4:$D$60,Stock!B5,Purchase!$E$4:$E$60,Stock!C5) | E5: =COUNTIFS(Sales!$D$4:$D$60,Stock!B5,Sales!E$4:E$60,Stock!C5) | F5: =D5-E5
A6: 3 | B6: [Person_2] Backpack 20L | C6: Black | D6: =SUMIFS(Purchase!$C$4:$C$60,Purchase!$D$4:$D$60,Stock!B6,Purchase!$E$4:$E$60,Stock!C6) | E6: =COUNTIFS(Sales!$D$4:$D$60,Stock!B6,Sales!E$4:E$60,Stock!C6) | F6: =D6-E6
A7: 4 | B7: [Person_2] Backpack 20L | C7: Navy | D7: =SUMIFS(Purchase!$C$4:$C$60,Purchase!$D$4:$D$60,Stock!B7,Purchase!$E$4:$E$60,Stock!C7) | E7: =COUNTIFS(Sales!$D$4:$D$60,Stock!B7,Sales!E$4:E$60,Stock!C7) | F7: =D7-E7
A8: 5 | B8: [Person_2] Backpack 20L | C8: Khaki | D8: =SUMIFS(Purchase!$C$4:$C$60,Purchase!$D$4:$D$60,Stock!B8,Purchase!$E$4:$E$60,Stock!C8) | E8: =COUNTIFS(Sales!$D$4:$D$60,Stock!B8,Sales!E$4:E$60,Stock!C8) | F8: =D8-E8
A9: 6 | B9: Eiger Meridian 30L Laptop Backpack | C9: Black | D9: =SUMIFS(Purchase!$C$4:$C$60,Purchase!$D$4:$D$60,Stock!B9,Purchase!$E$4:$E$60,Stock!C9) | E9: =COUNTIFS(Sales!$D$4:$D$60,Stock!B9,Sales!E$4:E$60,Stock!C9) | F9: =D9-E9
A10: 7 | B10: [Person_6] 15 Laptop Backpack | C10: Navy | D10: =SUMIFS(Purchase!$C$4:$C$60,Purchase!$D$4:$D$60,Stock!B10,Purchase!$E$4:$E$60,Stock!C10) | E10: =COUNTIFS(Sales!$D$4:$D$60,Stock!B10,Sales!E$4:E$60,Stock!C10) | F10: =D10-E10
A11: 8 | B11: [Person_6] 15 Laptop Backpack | C11: Black | D11: =SUMIFS(Purchase!$C$4:$C$60,Purchase!$D$4:$D$60,Stock!B11,Purchase!$E$4:$E$60,Stock!C11) | E11: =COUNTIFS(Sales!$D$4:$D$60,Stock!B11,Sales!E$4:E$60,Stock!C11) | F11: =D11-E11
A12: 9 | B12: [Person_5] Pack 20L Backpack | C12: Navy | D12: =SUMIFS(Purchase!$C$4:$C$60,Purchase!$D$4:$D$60,Stock!B12,Purchase!$E$4:$E$60,Stock!C12) | E12: =COUNTIFS(Sales!$D$4:$D$60,Stock!B12,Sales!E$4:E$60,Stock!C12) | F12: =D12-E12
A13: 10 | B13: [Person_5] Pack 20L Backpack | C13: Green | D13: =SUMIFS(Purchase!$C$4:$C$60,Purchase!$D$4:$D$60,Stock!B13,Purchase!$E$4:$E$60,Stock!C13) | E13: =COUNTIFS(Sales!$D$4:$D$60,Stock!B13,Sales!E$4:E$60,Stock!C13) | F13: =D13-E13
A14: 11 | B14: [Person_5] Pack 20L Backpack | C14: Black | D14: =SUMIFS(Purchase!$C$4:$C$60,Purchase!$D$4:$D$60,Stock!B14,Purchase!$E$4:$E$60,Stock!C14) | E14: =COUNTIFS(Sales!$D$4:$D$60,Stock!B14,Sales!E$4:E$60,Stock!C14) | F14: =D14-E14
A15: 12 | B15: [Person_12] | C15: Navy | D15: =SUMIFS(Purchase!$C$4:$C$60,Purchase!$D$4:$D$60,Stock!B15,Purchase!$E$4:$E$60,Stock!C15) | E15: =COUNTIFS(Sales!$D$4:$D$60,Stock!B15,Sales!E$4:E$60,Stock!C15) | F15: =D15-E15
... A33: 30 | B33: [Person_10] 20L Laptop Backpack | C33: Navy | D33: =SUMIFS(Purchase!$C$4:$C$60,Purchase!$D$4:$D$60,Stock!B33,Purchase!$E$4:$E$60,Stock!C33) | E33: =COUNTIFS(Sales!$D$4:$D$60,Stock!B33,Sales!E$4:E$60,Stock!C33) | F33: =D33-E33

Sheet Calculation Buying 7 Jul
A1: Qty | B1: Item | C1: Color | D1: Price | E1: Total Price | F1: Diskon/Pcs | G1: Bonus + Promosi | H1: Ongkir | I1: Nett Price | J1: Price List | K1: % From Price List | L1: Target Price | M1: Profit | N1: Total Profit
A2: 8 | B2: Eiger Meridian 30L Laptop Backpack | C2: Black | D2: 589095 | E2: =A2*D2 | F2: =(($E2/$E$12)*$E$14)/$A2 | G2: =(($E2/$E$12)*$E$15)/$A2 | H2: =$E$16/SUM($A$2:$A$11) | I2: =D2-F2-G2+H2 | J2: =INDEX(Purchase!$Q$4:$Q$22,MATCH('Calculation Buying 7 Jul'!B2,Purchase!$P$4:$P$22,0)) | K2: =I2/J2 | L2: =85%*J2 | M2: =L2-I2 | N2: =M2*A2
A3: 1 | B3: =Purchase!P4 | C3: Olive | D3: 306945 | E3: =A3*D3 | F3: =(($E3/$E$12)*$E$14)/$A3 | G3: =(($E3/$E$12)*$E$15)/$A3 | H3: =$E$16/SUM($A$2:$A$11) | I3: =D3-F3-G3+H3 | J3: =INDEX(Purchase!$Q$4:$Q$22,MATCH('Calculation Buying 7 Jul'!B3,Purchase!$P$4:$P$22,0)) | K3: =I3/J3 | L3: =85%*J3 | M3: =L3-I3 | N3: =M3*A3
A4: 2 | B4: =Purchase!P7 | C4: Navy | D4: 315495 | E4: =A4*D4 | F4: =(($E4/$E$12)*$E$14)/$A4 | G4: =(($E4/$E$12)*$E$15)/$A4 | H4: =$E$16/SUM($A$2:$A$11) | I4: =D4-F4-G4+H4 | J4: =INDEX(Purchase!$Q$4:$Q$22,MATCH('Calculation Buying 7 Jul'!B4,Purchase!$P$4:$P$22,0)) | K4: =I4/J4 | L4: =85%*J4 | M4: =L4-I4 | N4: =M4*A4
A5: 2 | B5: =Purchase!P17 | C5: Navy | D5: 383895 | E5: =A5*D5 | F5: =(($E5/$E$12)*$E$14)/$A5 | G5: =(($E5/$E$12)*$E$15)/$A5 | H5: =$E$16/SUM($A$2:$A$11) | I5: =D5-F5-G5+H5 | J5: =INDEX(Purchase!$Q$4:$Q$22,MATCH('Calculation Buying 7 Jul'!B5,Purchase!$P$4:$P$22,0)) | K5: =I5/J5 | L5: =85%*J5 | M5: =L5-I5 | N5: =M5*A5
A6: 6 | B6: =Purchase!P17 | C6: Black | D6: 383895 | E6: =A6*D6 | F6: =(($E6/$E$12)*$E$14)/$A6 | G6: =(($E6/$E$12)*$E$15)/$A6 | H6: =$E$16/SUM($A$2:$A$11) | I6: =D6-F6-G6+H6 | J6: =INDEX(Purchase!$Q$4:$Q$22,MATCH('Calculation Buying 7 Jul'!B6,Purchase!$P$4:$P$22,0)) | K6: =I6/J6 | L6: =85%*J6 | M6: =L6-I6 | N6: =M6*A6
A7: 2 | B7: [Person_2] Backpack 20L 1A Khaki | C7: Khaki | D7: 404100 | E7: =A7*D7 | F7: =(($E7/$E$12)*$E$14)/$A7 | G7: =(($E7/$E$12)*$E$15)/$A7 | H7: =$E$16/SUM($A$2:$A$11) | I7: =D7-F7-G7+H7 | J7: =INDEX(Purchase!$Q$4:$Q$22,MATCH('Calculation Buying 7 Jul'!B7,Purchase!$P$4:$P$22,0)) | K7: =I7/J7 | L7: =85%*J7 | M7: =L7-I7 | N7: =M7*A7
A8: 2 | B8: [Person_5] Pack 20L Backpack | C8: Navy | D8: 366795 | E8: =A8*D8 | F8: =(($E8/$E$12)*$E$14)/$A8 | G8: =(($E8/$E$12)*$E$15)/$A8 | H8: =$E$16/SUM($A$2:$A$11) | I8: =D8-F8-G8+H8 | J8: =INDEX(Purchase!$Q$4:$Q$22,MATCH('Calculation Buying 7 Jul'!B8,Purchase!$P$4:$P$22,0)) | K8: =I8/J8 | L8: =85%*J8 | M8: =L8-I8 | N8: =M8*A8
A9: 2 | B9: =Purchase!P19 | C9: Navy | D9: 332595 | E9: =A9*D9 | F9: =(($E9/$E$12)*$E$14)/$A9 | G9: =(($E9/$E$12)*$E$15)/$A9 | H9: =$E$16/SUM($A$2:$A$11) | I9: =D9-F9-G9+H9 | J9: =INDEX(Purchase!$Q$4:$Q$22,MATCH('Calculation Buying 7 Jul'!B9,Purchase!$P$4:$P$22,0)) | K9: =I9/J9 | L9: =85%*J9 | M9: =L9-I9 | N9: =M9*A9
A10: 6 | B10: [Person_13] 3.0 Laptop 18L Backpack | C10: Black | D10: 435195 | E10: =A10*D10 | F10: =(($E10/$E$12)*$E$14)/$A10 | G10: =(($E10/$E$12)*$E$15)/$A10 | H10: =$E$16/SUM($A$2:$A$11) | I10: =D10-F10-G10+H10 | J10: =INDEX(Purchase!$Q$4:$Q$22,MATCH('Calculation Buying 7 Jul'!B10,Purchase!$P$4:$P$22,0)) | K10: =I10/J10 | L10: =85%*J10 | M10: =L10-I10 | N10: =M10*A10
A11: 4 | B11: =Purchase!P18 | C11: Black | D11: 426645 | E11: =A11*D11 | F11: =(($E11/$E$12)*$E$14)/$A11 | G11: =(($E11/$E$12)*$E$15)/$A11 | H11: =$E$16/SUM($A$2:$A$11) | I11: =D11-F11-G11+H11 | J11: =INDEX(Purchase!$Q$4:$Q$22,MATCH('Calculation Buying 7 Jul'!B11,Purchase!$P$4:$P$22,0)) | K11: =I11/J11 | L11: =85%*J11 | M11: =L11-I11 | N11: =M11*A11
D12: Total | E12: =SUM(E2:E11) | N12: =SUM(N2:N11)
M13: % Profit | N13: =N12/E17
D14: Diskon | E14: 3000000
D15: Bonus + Promosi | E15: =340000+762329
D16: Ongkir | E16: =147900-40000
D17: Total Nett | E17: =E12-E14-E15+E16
